Workbook
Name _Hlk149752705: '1. HVAC EQUIPMENT '!$B$3

Sheet 1. HVAC EQUIPMENT 
B1: SUPPLY CHAIN MANAGEMENT
B2: Pricing schedule
A3: RFx No | B3: RFB 3201/2025
A4: RFx Title | B4: REQUEST FOR BID FOR THE APPOINTMENT OF A SERVICE PROVIDER TO PROVIDE HVAC INFRASTRUCTURE UPGRADES AT SITA BETA DATA CENTRE FOR A PERIOD OF 42 MONTHS. | E4: SHEET 1. HVAC EQUIPMENT
A5: Bidder Name
A7: 1. INSTRUCTION FOR COMPLETING THE PRICING SCHEDULE
A8: (a) Bidder must complete/enter YELLOW cells only
A9: (b) Unit and Line prices must be VAT EXCLUSIVE and in South African Rand (ZAR) currency.
A10: (c) The price must include all cost to deliver the goods or render the service, including all applicable taxes, duty fees, logistics/delivery, storage, labour, overtime and subsistance and travel
A11: (d) Bidders must complete and submit bid pricing in the provided Excel spreadsheet format, and any pricing schedule submitted in a different format will not be considered.
A12: Item No | B12: Goods/Service description | C12: Unit of measure | D12: Qty | E12: Unit Cost | F12: Line Price Term (Excl VAT) | G12: BRAND / MODEL | H12: Price clarification comment
A13: 1 | B13: PRELIMINARY AND GENERAL | F13: =SUBTOTAL(9,F14:F22) -> 0
A14: 1.1 | B14: Preliminary and General work, services meetings and inspections for which no specific items are listed in the price schedule. | C14: Sum | D14: 1 | F14: =ROUND(E14*D14,2) -> 0
A15: 1.2 | B15: Provide for storage of plant and equipment on site including protection thereof and for obtaining insurance called for in terms of this contract. | C15: Sum | D15: 1 | F15: =ROUND(E15*D15,2) -> 0
A16: 1.3 | B16: Permits, notices and co-operation with other trades. | C16: Sum | D16: 1 | F16: =ROUND(E16*D16,2) -> 0
A17: 1.4 | B17: Shop drawings, engineering and equipment submissions | C17: Sum | D17: 1 | F17: =ROUND(E17*D17,2) -> 0
A18: 1.5 | B18: Provide "as-built" drawings & maintenance and operational manuals | C18: Sum | D18: 1 | F18: =ROUND(E18*D18,2) -> 0
A19: 1.6 | B19: Provide and maintain a quality system | C19: Sum | D19: 1 | F19: =ROUND(E19*D19,2) -> 0
A20: 1.7 | B20: Provide security | C20: Sum | D20: 1 | F20: =ROUND(E20*D20,2) -> 0
A21: 1.8 | B21: Management of building and other subcontractors | C21: Sum | D21: 1 | F21: =ROUND(E21*D21,2) -> 0
A22: 1.9 | B22: 12 Month Extended warranty all systems | C22: Sum | D22: 1 | F22: =ROUND(E22*D22,2) -> 0
A23: 2 | B23: CONTRACTORS SITE ESTABLISHMENT | F23: =SUBTOTAL(9,F24) -> 0
A24: 2.1 | B24: Fixed charges | C24: Sum | D24: 1 | F24: =ROUND(E24*D24,2) -> 0
A25: 3 | B25: AIRCOOLED CHILLERS COMPLETE WITH ASSOCIATED PIPING All costs related to the PHASED supply and delivery to site connecting and commissioning of chiller systems complete as specified with rigging, hoisting, installation, commissioning as specified | F25: =SUBTOTAL(9,F26:F35) -> 0
A26: 3.1 | B26: Manufacture and supply only of air cooled chiller with integrated free cooling as per specification 1000kw chiller complete with chiller plant controllers as specified | C26: Each | D26: 3 | F26: =ROUND(E26*D26,2) -> 0
A27: 3.2 | B27: Supply of duty and standby chiller plant controllers for system ( primary, secondary pump operation, motorised control valve operation & chiller management as specified ( standalone of integrated into chiller) | C27: Each | D27: 2 | F27: =ROUND(E27*D27,2) -> 0
A28: 3.3 | B28: Hoisting rigging of chiller 1 into position complete | C28: Sum | D28: 1 | F28: =ROUND(E28*D28,2) -> 0
A29: 3.4 | B29: Spring mounts set per chiller as detailed in the specification per chiller | C29: Each | D29: 1 | F29: =ROUND(E29*D29,2) -> 0
A30: 3.5 | B30: Commissioning of chiller 1 by supplier | C30: Sum | D30: 1 | F30: =ROUND(E30*D30,2) -> 0
A31: 3.6 | B31: Hoisting rigging of chiller 2 into position complete | C31: Sum | D31: 1 | F31: =ROUND(E31*D31,2) -> 0
A32: 3.7 | B32: Spring mounts set per chiller as detailed in the specification per chiller | C32: Each | D32: 1 | F32: =ROUND(E32*D32,2) -> 0
A33: 3.8 | B33: Hoisting rigging of chiller 3 into position complete | C33: Sum | D33: 1 | F33: =ROUND(E33*D33,2) -> 0
A34: 3.9 | B34: Spring mounts set per chiller as detailed in the specification per chiller | C34: Each | D34: 3 | F34: =ROUND(E34*D34,2) -> 0
A35: 3.10 | B35: Final commissioning of all chillers by supplier | C35: Sum | D35: 1 | F35: =ROUND(E35*D35,2) -> 0
A36: 4 | B36: CHILLER PLANT RELATED PIPING AND COMPONENTS All costs related to the supply and installation of all external chiller plant piping and components, insulated and sheet metal clad. Cost to include external piping supports to suite | F36: =SUBTOTAL(9,F37:F55) -> 0
A37: 4.1 | B37: Strainers 150mm | C37: Each | D37: 3 | F37: =ROUND(E37*D37,2) -> 0
A38: 4.2 | B38: Ball valve 25mm dia ( Temp and pressure gauges) | C38: Each | D38: 15 | F38: =ROUND(E38*D38,2) -> 0
A39: 4.3 | B39: Isolating valve 65mm dia | C39: Each | D39: 3 | F39: =ROUND(E39*D39,2) -> 0
A40: 4.4 | B40: Isolating valve 150mm dia | C40: Each | D40: 12 | F40: =ROUND(E40*D40,2) -> 0
A41: 4.5 | B41: Non return valves 150mm dia | C41: Each | D41: 3 | F41: =ROUND(E41*D41,2) -> 0
A42: 4.6 | B42: Insulating and cladding of Valves 65mm dia | C42: Each | D42: 3 | F42: =ROUND(E42*D42,2) -> 0
A43: 4.7 | B43: Insulating and cladding of Valves and other 150mm dia | C43: Each | D43: 45 | F43: =ROUND(E43*D43,2) -> 0
A44: 4.8 | B44: Flexible pipe connection 150mm dia to chillers | C44: Each | D44: 6 | F44: =ROUND(E44*D44,2) -> 0
A45: 4.9 | B45: Magnetic flow meters supply and install 150mm dia complete with wiring/controls and commissioning | C45: Each | D45: 3 | F45: =ROUND(E45*D45,2) -> 0
A46: 4.10 | B46: Commissioning/ Balancing valve set 150mm | C46: Each | D46: 3 | F46: =ROUND(E46*D46,2) -> 0
A47: 4.11 | B47: Motorised 2 - way valve complete with wiring/controls (150mm) | C47: Each | D47: 3 | F47: =ROUND(E47*D47,2) -> 0
A48: 4.12 | B48: Field instrument pressure gauge | C48: Each | D48: 9 | F48: =ROUND(E48*D48,2) -> 0
A49: 4.13 | B49: Thermometer | C49: Each | D49: 6 | F49: =ROUND(E49*D49,2) -> 0
A50: 4.14 | B50: Binder points | C50: Each | D50: 15 | F50: =ROUND(E50*D50,2) -> 0
A51: 4.15 | B51: Air vents | C51: Each | D51: 3 | F51: =ROUND(E51*D51,2) -> 0
A52: 4.16 | B52: Victaulic couplings 150 mm dia | C52: Each | D52: =23*3 -> 69 | F52: =ROUND(E52*D52,2) -> 0
A53: 4.17 | B53: Victaulic couplings 65 mm dia | C53: Each | D53: =8*3 -> 24 | F53: =ROUND(E53*D53,2) -> 0
A54: 4.18 | B54: Tee piece 150 - 65 - 150mm | C54: Each | D54: 6 | F54: =ROUND(E54*D54,2) -> 0
A55: 4.19 | B55: Tee piece 200 - 150 - 200mm | C55: Each | D55: 6 | F55: =ROUND(E55*D55,2) -> 0
A56: 5 | B56: WATER TREATMENT PRESSURE MAINTENANCE & DEGASSING SET All costs related to the supply rigging hoisting, installation and commissioning of the water treatment pressure maintenance set and degassing system as specified | F56: =SUBTOTAL(9, F57:F66) -> 0
A57: 5.1 | B57: Pressure maintenance set including pumps, pressure vessel, side streamfilters, dosing point connected to makeup water , controls and skid to specification | C57: Sum | D57: 2 | F57: =ROUND(E57*D57,2) -> 0
A58: 5.2 | B58: Degassing and make up water tank as specified | C58: Sum | D58: 2 | F58: =ROUND(E58*D58,2) -> 0
A59: 5.3 | B59: Isolating valves 25mm dia | C59: Each | D59: 4 | F59: =ROUND(E59*D59,2) -> 0
A60: 5.4 | B60: Isolating valve 50mm dia | C60: Each | D60: 10 | F60: =ROUND(E60*D60,2) -> 0
A61: 5.5 | B61: Dynamic water flushing including allowance to fill make up tank for flushing | C61: Sum | D61: 1 | F61: =ROUND(E61*D61,2) -> 0
A62: 5.6 | B62: Victaulic couplings 50 mm | C62: Each | D62: 20 | F62: =ROUND(E62*D62,2) -> 0
A63: 5.7 | B63: Victaulic couplings 200 mm | C63: Each | D63: 8 | F63: =ROUND(E63*D63,2) -> 0
A64: 5.8 | B64: Tee piece 200 - 50 - 200mm | C64: Each | D64: 8 | F64: =ROUND(E64*D64,2) -> 0
A65: 5.9 | B65: Rigging and hoisting of system into position | C65: Sum | D65: 2 | F65: =ROUND(E65*D65,2) -> 0
A66: 5.10 | B66: Commissioning (each) | C66: Sum | D66: 2 | F66: =ROUND(E66*D66,2) -> 0
A67: 6 | B67: THERMAL ENERGY STORAGE TANKS All Costs related to the PHASED supply rigging hoisting, installation and commissioning of the water buffer tank to be installed | F67: =SUBTOTAL(9, F68:F79) -> 0
A68: 6.1 | B68: Manufacture and phased installation of thermal storage tank Nr 1 as specified 18kl tank, insulated and sheet metal clad complete with all wiring/controls as specified | C68: Sum | D68: 1 | F68: =ROUND(E68*D68,2) -> 0
A69: 6.2 | B69: Rigging and hoisting of tank Nr 1 into position | C69: Sum | D69: 1 | F69: =ROUND(E69*D69,2) -> 0
A70: 6.3 | B70: Manufacture and phased installation of thermal storage tank Nr 2 as specified 18kl tank, insulated and sheet metal clad complete | C70: Sum | D70: 1 | F70: =ROUND(E70*D70,2) -> 0
A71: 6.4 | B71: Rigging and hoisting of tank Nr 2 into position | C71: Sum | D71: 1 | F71: =ROUND(E71*D71,2) -> 0
A72: 6.5 | B72: Isolating valves 200mm dia | C72: Each | D72: 18 | F72: =ROUND(E72*D72,2) -> 0
A73: 6.6 | B73: Victaulic couplings 200 mm | C73: Each | D73: 36 | F73: =ROUND(E73*D73,2) -> 0
A74: 6.7 | B74: Insulation on Valves 200mm dia | C74: Each | D74: 18 | F74: =ROUND(E74*D74,2) -> 0
A75: 6.8 | B75: Binder points | C75: Each | D75: 8 | F75: =ROUND(E75*D75,2) -> 0
A76: 6.9 | B76: Painting, insulation and sheet metal cladding of tank Nr 1 | C76: Sum | D76: 1 | F76: =ROUND(E76*D76,2) -> 0
A77: 6.10 | B77: Painting, insulation and sheet metal cladding of tank Nr 2 | C77: Sum | D77: 1 | F77: =ROUND(E77*D77,2) -> 0
A78: 6.11 | B78: Phased Commissioning tanks Nr 1 | C78: Sum | D78: 1 | F78: =ROUND(E78*D78,2) -> 0
A79: 6.12 | B79: Phased Commissioning tanks Nr 2 | C79: Sum | D79: 1 | F79: =ROUND(E79*D79,2) -> 0
A80: 7 | B80: DATA HALLS CRAH AIRCONDITIONING UNITS & PIPING COMPONENTS All costs related to the supply rigging installation and commissioning of the CRAH units complete and commissioned, inclusive of temperature sensors, floor void sensors, supervisory controllers, control valaves with motorised actuator. The units to be supplied and installed with galvanised support stand. | F80: =SUBTOTAL(9, F81:F95) -> 0
A81: 7.1 | B81: Supply only of CRAH units ( Gross sensible cooling capacity >=166kW and Net sensible cooling capacity: 160kW) complete with unit components as shown on schematic drawing and specified complete with leak/moisture detection systems as specified. | C81: Each | D81: 16 | F81: =ROUND(E81*D81,2) -> 0
A82: 7.2 | B82: Installation only of CRAH units complete with unit components as shown on schematic drawing and specified complete with leak/moisture detection systems as specified. | C82: Each | D82: 16 | F82: =ROUND(E82*D82,2) -> 0
A83: 7.3 | B83: Supply and installation of supervisory controllers complete as specified | C83: Each | D83: 2 | F83: =ROUND(E83*D83,2) -> 0
A84: 7.4 | B84: Isolating valves 65mm dia at unit | C84: Each | D84: 48 | F84: =ROUND(E84*D84,2) -> 0
A85: 7.5 | B85: Insulation - valves 65mm dia at unit | C85: Each | D85: 48 | F85: =ROUND(E85*D85,2) -> 0
A86: 7.6 | B86: Flex pipe connection 65mm dia at unit | C86: Each | D86: 32 | F86: =ROUND(E86*D86,2) -> 0
A87: 7.7 | B87: Victaulic couplings 65mm dia at unit | C87: Each | D87: 224 | F87: =ROUND(E87*D87,2) -> 0
A88: 7.8 | B88: Isolating valves 65mm dia at future unit | C88: Each | D88: 60 | F88: =ROUND(E88*D88,2) -> 0
A89: 7.9 | B89: Insulation - valves 65mm dia at future unit | C89: Each | D89: 60 | F89: =ROUND(E89*D89,2) -> 0
A90: 7.10 | B90: Victaulic couplings 65mm dia at at future unit | C90: Each | D90: 295 | F90: =ROUND(E90*D90,2) -> 0
A91: 7.11 | B91: End cap 65mm dia at future unit | C91: Each | D91: 42 | F91: =ROUND(E91*D91,2) -> 0
A92: 7.12 | B92: Electrical connection from isolator and unit | C92: Each | D92: 16 | F92: =ROUND(E92*D92,2) -> 0
A93: 7.13 | B93: Binder points | C93: Each | D93: 64 | F93: =ROUND(E93*D93,2) -> 0
A94: 7.14 | B94: Galvanised condensate drainage system to nearest drain point ( allow 10 meters per unit) complete with supports, bends tee pieces to suite | C94: Each | D94: 16 | F94: =ROUND(E94*D94,2) -> 0
A95: 7.15 | B95: Commissioning of CRAH units complete as specified | C95: Each | D95: 16 | F95: =ROUND(E95*D95,2) -> 0
A96: 8 | B96: UPS ROOM FLOOR STANDING CRAH AIRCON UNITS AND PIPING COMPONENTS : All costs related to the supply rigging installation and commissioning of the CRAH units complete and commissioned, inclusive of temperature sensors, floor void sensors, supervisory controllers, control valaves with motorised actuator. The units to be supplied and installed with galvanised support stand. | F96: =SUBTOTAL(9, F97:F107) -> 0
A97: 8.1 | B97: Supply only of CRAH units ( Gross sensible cooling capacity >=85kW and Net sensible cooling capacity: 80kW) complete with unit components as shown on schematic drawing and specified complete as specified. | C97: Each | D97: 3 | F97: =ROUND(E97*D97,2) -> 0
A98: 8.2 | B98: Contractor markup for delivery, handling on CRAH units | C98: Sum | D98: 1 | F98: =ROUND(E98*D98,2) -> 0
A99: 8.3 | B99: Installation only of CRAH units complete with unit components as shown on schematic drawing and specified complete as specified. | C99: Each | D99: 2 | F99: =ROUND(E99*D99,2) -> 0
A100: 8.4 | B100: Isolating valves 50mm dia at unit | C100: Each | D100: 7 | F100: =ROUND(E100*D100,2) -> 0
A101: 8.5 | B101: Insulation - valves 50mm dia at unit | C101: Each | D101: 7 | F101: =ROUND(E101*D101,2) -> 0
...

Sheet 2. CIVIL AND EARTHWORKS
B1: SUPPLY CHAIN MANAGEMENT
B2: Pricing schedule
A3: RFx No | B3: RFB 3201/2025
A4: RFx Title | B4: REQUEST FOR BID FOR THE APPOINTMENT OF A SERVICE PROVIDER TO PROVIDE HVAC INFRASTRUCTURE UPGRADES AT SITA BETA DATA CENTRE FOR A PERIOD OF 42 MONTHS. | E4: SHEET 2. CIVLL AND EARTHWORKS
A5: Bidder Name
A7: 1. INSTRUCTION FOR COMPLETING THE PRICING SCHEDULE
A8: (a) Bidder must complete/enter YELLOW cells only
A9: (b) Unit and Line prices must be VAT EXCLUSIVE and in South African Rand (ZAR) currency.
A10: (c) The price must include all cost to deliver the goods or render the service, including all applicable taxes, duty fees, logistics/delivery, storage, labour, overtime and subsistance and travel
A11: (d) Bidders must complete and submit bid pricing in the provided Excel spreadsheet format, and any pricing schedule submitted in a different format will not be considered.
A12: Item No | B12: Goods/Service description | C12: Unit of measure | D12: Qty | E12: Unit Cost | F12: Line Price Term (Excl VAT) | G12: BRAND / MODEL | H12: Price clarification comment
A13: 21 | B13: BUILDING CONSTRUCTION WORKS All costs relating to the external and internal builders works to accommodate HVAC system installation | F13: =SUBTOTAL(9, F14:F15) -> 0
A14: 21.1 | B14: Clearing and grubbing | C14: Ha | D14: 0.03762 | F14: =ROUND(E14*D14,2) -> 0
A15: 21.2 | B15: Re-clearing of surfaces (on the written Instruction) | C15: Ha | D15: 0.01881 | F15: =ROUND(E15*D15,2) -> 0
A16: 22 | B16: DRAINS - APRON CHANNELS AROUND PLINTHS | F16: =SUBTOTAL(9, F17:F19) -> 0
A17: 22.1 | B17: Excavate in soft material up to 0.5m deep | C17: m3 | D17: 31.02 | F17: =ROUND(E17*D17,2) -> 0
A18: 22.2 | B18: Concrete Inlet and Outlet Structures | C18: No | D18: 2 | F18: =ROUND(E18*D18,2) -> 0
A19: 22.3 | B19: Selected backfill material under concrete lined side drains compacted to 93% modified AASHTO density | C19: m3 | D19: 7.755 | F19: =ROUND(E19*D19,2) -> 0
A20: 23 | B20: LOCATING OF EXISTING SERVICES | F20: =SUBTOTAL(9, F21) -> 0
A21: 23.1 | B21: Locate existing services, expose by hand and protect for the duration of construction period | C21: m3 | D21: 28.2 | F21: =ROUND(E21*D21,2) -> 0
A22: 24 | B22: DEMOLISHING AND REMOVAL | F22: =SUBTOTAL(9, F23:F26) -> 0
A23: 24.1 | B23: Lifting of Existing Paving and dispose of to a site provided by the contractor | C23: m2 | D23: 300 | F23: =ROUND(E23*D23,2) -> 0
A24: 24.2 | B24: Remove existing brick wall complete with foundations and cart away rubble | C24: m3 | D24: 42 | F24: =ROUND(E24*D24,2) -> 0
A25: 24.3 | B25: Break-down existing concrete portal structures and cart away rubble | C25: m3 | D25: 31.02 | F25: =ROUND(E25*D25,2) -> 0
A26: 24.4 | B26: Break-down existing concrete plinths and cart away rubble | C26: m3 | D26: 59.22 | F26: =ROUND(E26*D26,2) -> 0
A27: 25 | B27: MASS EARTHWORKS | F27: =SUBTOTAL(9, F28:F32) -> 0
A28: 25.1 | B28: Cut to reduce levels and spoil, including free-haul up 2km, Platforms (Up to 1.0m depth) | C28: m3 | D28: 376.2 | F28: =ROUND(E28*D28,2) -> 0
A29: 25.2 | B29: Compact bottom of excavation, Eight-roller-passes compaction | C29: Roller-day | D29: 3 | F29: =ROUND(E29*D29,2) -> 0
A30: 25.3 | B30: Extra over Item 6.1 - Intermediate Excavation | C30: m3 | D30: 37.62 | F30: =ROUND(E30*D30,2) -> 0
A31: 25.4 | B31: Extra over Item 6.1 - Hard Excavation | C31: m3 | D31: 7.524 | F31: =ROUND(E31*D31,2) -> 0
A32: 25.5 | B32: Backfill and compact, Soil Mattresses for plinths at least 1.5m thickness, using a G6 (TRH14) Quality Material | C32: m3 | D32: 565 | F32: =ROUND(E32*D32,2) -> 0
A33: 26 | B33: SURFACING - PAVING | F33: =SUBTOTAL(9, F34) -> 0
A34: 26.1 | B34: Walkways interfacing with plant and buildings, 60mm thick Interlocking concrete paving bedded on 25mm thick sand layer | C34: m2 | D34: 68 | F34: =ROUND(E34*D34,2) -> 0
A35: 27 | B35: PAVEMENT LAYERS OF GRAVEL MATERIAL | F35: =SUBTOTAL(9, F36) -> 0
A36: 27.1 | B36: 19mm crushed aggregate places 1m around plinths, 100mm Layer | C36: m3 | D36: 14.4 | F36: =ROUND(E36*D36,2) -> 0
A37: 28 | B37: LANDSCAPING / SITE SHAPING | F37: =SUBTOTAL(9, F38:F39) -> 0
A38: 28.1 | B38: Trimming: Machine | C38: m2 | D38: 38 | F38: =ROUND(E38*D38,2) -> 0
A39: 28.2 | B39: Trimming: Hand | C39: m2 | D39: 38 | F39: =ROUND(E39*D39,2) -> 0
A40: 29 | B40: BOUNDARY WALL REINSTATMENT | F40: =SUBTOTAL(9, F41:F42) -> 0
A41: 29.1 | B41: Foundations - 600x300 Deep, Class 25/19 Mass concrete | C41: m3 | D41: 18 | F41: =ROUND(E41*D41,2) -> 0
A42: 29.2 | B42: 230mm thick perimeter wall, Facebrick, 3.2m High | C42: m2 | D42: 350 | F42: =ROUND(E42*D42,2) -> 0
A43: 30 | B43: REINFORCED CONCRETE PLINTHS - CHILLERS | F43: =SUBTOTAL(9, F44:F45) -> 0
A44: 30.1 | B44: 200mm thick reinforced concrete plinth, class 30/19 concrete | C44: m3 | D44: 54.4 | F44: =ROUND(E44*D44,2) -> 0
A45: 30.2 | B45: Vertical Formwork | C45: m2 | D45: 13.2 | F45: =ROUND(E45*D45,2) -> 0
A46: 31 | B46: REINFORCED CONCRETE PLINTHS - PUMP SYSTEMS | F46: =SUBTOTAL(9, F47:F48) -> 0
A47: 31.1 | B47: 200mm thick reinforced concrete plinth, class 30/19 concrete | C47: m3 | D47: 10 | F47: =ROUND(E47*D47,2) -> 0
A48: 30.2 | B48: Vertical Formwork | C48: m2 | D48: 10 | F48: =ROUND(E48*D48,2) -> 0
A49: 32 | B49: REINFORCED CONCRETE PLINTHS - BUFFER TANKS | F49: =SUBTOTAL(9, F50:F51) -> 0
A50: 32.1 | B50: 200mm thick reinforced concrete plinth, class 30/19 concrete | C50: m3 | D50: 12 | F50: =ROUND(E50*D50,2) -> 0
A51: 32.2 | B51: Vertical Formwork | C51: m2 | D51: 8 | F51: =ROUND(E51*D51,2) -> 0
A52: 33 | B52: TESTING MATERIALS AND WORKMANSHIP | F52: =SUBTOTAL(9, F53:F54) -> 0
A53: 33.1 | B53: Cost of geotechnical testing on in situ soils and quality test during construction | C53: Sum | D53: 1 | F53: =ROUND(E53*D53,2) -> 0
A54: 33.2 | B54: Handling cost and profit in respect of Item 19.28 | C54: Sum | D54: 1 | F54: =ROUND(E54*D54,2) -> 0
A55: 34 | B55: LAND SURVEYING | F55: =SUBTOTAL(9, F56:F59) -> 0
A56: 34.1 | B56: Cost of provision of land boundaries, location of existing services, benchmarks for construction, site levels etc | C56: Sum | D56: 1 | F56: =ROUND(E56*D56,2) -> 0
A57: 34.2 | B57: Cost of confirmation of levels and positions during construction | C57: Sum | D57: 1 | F57: =ROUND(E57*D57,2) -> 0
A58: 34.2 | B58: Handling cost and profit in respect of Item 19.30 and Item 19.31 | C58: Sum | D58: 1 | F58: =ROUND(E58*D58,2) -> 0
A59: 35.2 | B59: The removal of rooftop tiles to accommodate the chilled water piping installation and reinstatement thereof. | C59: Sum | D59: 1 | F59: =ROUND(E59*D59,2) -> 0
A60: 35 | B60: REGISTERED ENGINEER | F60: =SUBTOTAL(9, F61) -> 0
A61: 35.1 | B61: Appointment of an ECSA registered structural and civil engineer for the design and construction monitoring of all builders work as itemised above. All ECSA Stages to be included | C61: Sum | D61: 1 | F61: =ROUND(E61*D61,2) -> 0
A62: 36 | B62: DIAMOND CORE DRILLING CREATE OPENING IN EXISTING WALL AND FLOORS | F62: =SUBTOTAL(9, F63:F66) -> 0
A63: 36.1 | B63: Coring through perimeter and internal walling to accommodate new chilled water piping ( 12 x 250mm diameter cores through 350mm reinforced concrete wall) | C63: Each | D63: 12 | F63: =ROUND(E63*D63,2) -> 0
A64: 36.2 | B64: Brick, 400mm thick, 500mm x 300mm | C64: Each | D64: 32 | F64: =ROUND(E64*D64,2) -> 0
A65: 36.3 | B65: Reinforced Concrete 40MPa, 400mm thick, 500m x 300m | C65: Each | D65: 32 | F65: =ROUND(E65*D65,2) -> 0
A66: 36.4 | B66: Reinforced Concrete 40MPa, 400mm Diameter Core Drilling on 250mm Reinforced Floor | C66: Each | D66: 120 | F66: =ROUND(E66*D66,2) -> 0
A67: 37 | B67: SEALING OF DATA CENTRE PERIMETERS (CEILING VOIDS) | F67: =SUBTOTAL(9, F68:F71) -> 0
A68: 37.1 | B68: Detailed investigation, measuring quantifying and documenting/reporting of all data hall openings within ceiling void and floor void for verification of scope of sealing works in order to ensure over pressurisation integrity of areas. Capturing of penetrations in floor and ceiling voids. Drawing generation of the same | C68: Sum | D68: 1 | F68: =ROUND(E68*D68,2) -> 0
A69: 37.2 | B69: PASSAGE PERIMETER OPENINGS : Supply and installation of 60 minute fire rated drywalling system at high level (5m high) in data centre perimeter passage openings. System to be complete with sealing gasket, track, studs, plasterboard screws and jointing compound. Systems to suitably seal for CRAC unit pressure integrity. Opening sizes 1600mm wide x 700mm high. Similar or equivalent to CAPCO 95mm Beta drywalling system. System to be in accordance with suppliers installation specifications | C69: m2 | D69: 58 | F69: =ROUND(E69*D69,2) -> 0
A70: 37.3 | B70: DATA HALL - PRINTING ROOM PARTITION : Supply and installation of 60 minute fire rated drywalling system within existing ceiling void at high level (5 m high) in data centre partition separating data halls and printing rooms. System to be complete with sealing gasket, track, studs, plasterboard screws and jointing compound. System to be suspended from ceiling slab. Systems to suitably seal for CRAC unit pressure integrity. Opening size continuous 1000mm high within ceiling void. Similar or equivalent to CAPCO 95mm Beta drywalling system. System to be in accordance with suppliers installation specifications. Cost to include removal and reinstatement of ceiling tiles. | C70: m2 | D70: 45 | F70: =ROUND(E70*D70,2) -> 0
A71: 37.4 | B71: SWITCHING CENTRE PERIMETER PARTITION CEILING VOID OPENINGS : Supply and installation of 60 minute fire rated drywalling system within existing ceiling void at high level (5 m high) in data centre partition separating data halls and printing rooms. System to be complete with sealing gasket, track, studs, plasterboard screws and jointing compound. Systems to be suspended from ceiling slab. Systems to suitably seal for CRAC unit pressure integrity. Opening size continuous 1000mm high within ceiling void. Similar or equivalent to CAPCO 95mm Beta drywalling system. System to be in accordance with suppliers installation specifications. Cost to include removal and reinstatement of ceiling tiles. | C71: m2 | D71: 44 | F71: =ROUND(E71*D71,2) -> 0
A72: 38 | B72: SEALING OF DATA CENTRE INTERNAL PERIMETER (FLOOR VOIDS) | F72: =SUBTOTAL(9, F73:F81) -> 0
A73: 38.1 | B73: PASSAGE PERIMETER OPENINGS : Supply and installation of 60 minute fire rated drywalling system within existing 1000mm floor void in data centre perimeter passage openings. System to be complete with sealing gasket, track, studs, plasterboard screws and jointing compound. Systems to suitably seal for CRAC unit pressure integrity. Opening sizes 1600mm wide x 700mm high. Cost to include for cut-out openings to accommodate ducting, piping, data and power cabling penetrations. Similar of equivalent to CAPCO 95mm Beta drywalling system. System to be in accordance with suppliers installation specifications | C73: m2 | D73: 62 | F73: =ROUND(E73*D73,2) -> 0
A74: 38.2 | B74: DATA HALL - PRINTING ROOM PARTITION : Supply and installation of 60 minute fire rated drywalling system within existing 1000mm floor void below existing partition wall in data centre partition separating data halls and printing rooms. System to be complete with sealing gasket, track, studs, plasterboard screws and jointing compound. Systems to suitably seal for CRAC unit pressure integrity. Opening size continuous 1000mm high within floor void. Cost to include for cut-out openings to accommodate ducting, piping, data and power cable penetrations. Similar or equivalent to CAPCO 95mm Beta drywalling system. System to be in accordance with suppliers installation specifications. Cost to include removal and reinstatement of floor tiles. | C74: m2 | D74: 43 | F74: =ROUND(E74*D74,2) -> 0
A75: 38.3 | B75: SWITCHING CENTRE PERIMETER PARTITION FLOOR OPENINGS: Supply and installation of 60 minute fire rated drywalling system within existing 1000mm floor void below existing partition wall in data centre partition separating data halls and printing rooms. System to be complete with sealing gasket, track, studs, plasterboard screws and jointing compound. Systems to suitably seal for CRAC unit pressure integrity. Opening size continuous 1000mm high within floor void. Cost to include for cut-out openings to accommodate ducting, piping, data and power cable penetrations. Similar or equivalent to CAPCO 95mm Beta drywalling system. System to be in accordance with suppliers installation specifications. Cost to include removal and reinstatement of floor tiles. | C75: m2 | D75: 44 | F75: =ROUND(E75*D75,2) -> 0
A76: 38.4 | B76: FIRE STOPPING OF SERVICE PENETRATIONS Fire stopping with 60 minute fire rated product all perimeter and 100mm deep drywalling penetrations for ducting, piping, data and power cabling within floor void and within ceiling void by accredited specialist supplier/contractor to ensure pressure integrity of floor void. Include QC inspections and signoff by supplier. Measured in square meter face area opening size | C76: m2 | D76: 15 | F76: =ROUND(E76*D76,2) -> 0
A77: 38.5 | B77: WATER CONTAINMENT BUNDS IN FLOOR VOIDS Supply and installation of hot dipped galvanised sheet metal L profile, 0,8mm thick, 75mm high x 75mm wide trunking fixed to floor. Profile to be shaped and fixed along either side of chilled water piping runs (approx. 1200mm apart) in floor void. Profile to be waterproofed at inside base of profile and at joints to ensure containment of water spillage from piping or CRAC units. Top edge to be curled back to prevent sharp edges. | C77: m | D77: 141 | F77: =ROUND(E77*D77,2) -> 0
A78: 38.6 | B78: Removal of perimeter floor tiles and reinstatement thereof to accommodate bunding works as described | C78: Sum | D78: 1 | F78: =ROUND(E78*D78,2) -> 0
A79: 38.7 | B79: Preparation and cleaning of fixing surface to accommodate fixing of profile and application of waterproofing along entire length (linear meters) | C79: m | D79: 410 | F79: =ROUND(E79*D79,2) -> 0
A80: 38.8 | B80: Supply and install L 75mm x 75mm profile of hot dipped galvanised sheet metal complete with bends, tees, fixings throughout data halls as described. (Linear meters) | C80: m | D80: 410 | F80: =ROUND(E80*D80,2) -> 0
A81: 38.9 | B81: Waterproofing of joints and inside base to ensure water containment. Waterproofing to be fire resistant. (Linear meters) | C81: m | D81: 410 | F81: =ROUND(E81*D81,2) -> 0
A82: 38.10 | B82: PROVISIONAL SUM: CIVIL AND EARTHWORKS | C82: sum | D82: 1 | E82: =+ROUND(SUBTOTAL(9,F13:F81)*25%,2) -> 0 | F82: =ROUND(E82*D82,2) -> 0
A83: CIVIL AND EARTHWORKS SUBTOTAL PRICE (EXCL VAT) | F83: =+SUBTOTAL(9,F13:F82) -> 0
F85: =F82+F72+F67+F62+F60+F55+F49+F46+F43+F37+F35+F33+F27+F22+F20+F16+F13+F52+F40 -> 0
B86: I, the bidder, confirm that the price(s) and rate(s) quoted cover all the goods and/or works specified in the bidding documents; that the price(s) or rate(s) cover all my obligations and I accept that any mistakes regarding price(s), rate(s) or calculations will be at my own risk. [Note: First convert to PDF, then add signature]
C87: Name
C89: Signature (above)

Sheet 3. DEMOLITION WORKS & COOLING 
B1: SUPPLY CHAIN MANAGEMENT
B2: Pricing schedule
A3: RFx No | B3: RFB 3201/2025
A4: RFx Title | B4: REQUEST FOR BID FOR THE APPOINTMENT OF A SERVICE PROVIDER TO PROVIDE HVAC INFRASTRUCTURE UPGRADES AT SITA BETA DATA CENTRE FOR A PERIOD OF 42 MONTHS. | E4: SHEET 3. DEMOLITION WORKS & COOLING TOWERS
A5: Bidder Name
A7: 1. INSTRUCTION FOR COMPLETING THE PRICING SCHEDULE
A8: (a) Bidder must complete/enter YELLOW cells only
A9: (b) Unit and Line prices must be VAT EXCLUSIVE and in South African Rand (ZAR) currency.
A10: (c) The price must include all cost to deliver the goods or render the service, including all applicable taxes, duty fees, logistics/delivery, storage, labour, overtime and subsistance and travel
A11: (d) Bidders must complete and submit bid pricing in the provided Excel spreadsheet format, and any pricing schedule submitted in a different format will not be considered.
A12: Item No | B12: Goods/Service description | C12: Unit of measure | D12: Qty | E12: Unit Cost | F12: Line Price Term (Excl VAT) | G12: BRAND / MODEL | H12: Price clarification comment
A13: 39 | B13: DEMOLITION WORKS & COOLING TOWER WORK | F13: =SUBTOTAL(9,F14:F32) -> 0
A14: 39.1 | B14: Decommissioning, dismantle of existing cooling tower 1 during works complete with associated piping and components | C14: Sum | D14: 1 | F14: =ROUND(E14*D14,2) -> 0
A15: 39.2 | B15: Decommissioning, dismantle of existing cooling tower 2 during works complete with associated piping and components | C15: Sum | D15: 1 | F15: =ROUND(E15*D15,2) -> 0
A16: 39.3 | B16: Decommissioning, dismantle of existing cooling tower 3 during works complete with associated piping and components | C16: Sum | D16: 1 | F16: =ROUND(E16*D16,2) -> 0
A17: 39.4 | B17: Rigging and transport of 3 x cooling towers to Centurion SITA site, offload in position as agreed with Client | C17: Sum | D17: 1 | F17: =ROUND(E17*D17,2) -> 0
A18: 39.5 | B18: Phased removal of redundant external and rooftop condenser water piping and pump systems once new chiller system is fully operational | C18: Sum | D18: 1 | F18: =ROUND(E18*D18,2) -> 0
A19: 39.6 | B19: Decommissioning, stripping, removal & disposal of ALL existing in-floor void condensate piping systems serving existing DX CRAC units as indicated on drawings | C19: Sum | D19: 1 | F19: =ROUND(E19*D19,2) -> 0
A20: 39.7 | B20: Decommissioning stripping removal & handover to Client all existing pillar type FCU in police offices rooms complete. | C20: Each | D20: 3 | F20: =ROUND(E20*D20,2) -> 0
A21: 39.8 | B21: Decommissioning stripping removal & handover to Client all existing CRAC units located in UPS room complete. | C21: Each | D21: 4 | F21: =ROUND(E21*D21,2) -> 0
A22: 39.9 | B22: Decommissioning stripping removal & handover to Client all existing CRAC units located in data halls complete. | C22: Each | D22: 9 | F22: =ROUND(E22*D22,2) -> 0
A23: 39.10 | B23: Decommissioning stripping removal & handover to Client all existing CRAC units located in switch centre room complete. | C23: Each | D23: 2 | F23: =ROUND(E23*D23,2) -> 0
A24: 39.11 | B24: Decommissioning stripping removal & disposal of existing small redundant water storage vessel located in data hall as shown on demolition drawing with all piping, electrics, controls, complete. | C24: Sum | D24: 1 | F24: =ROUND(E24*D24,2) -> 0
A25: 39.12 | B25: Removal of existing fresh air fan filter unit under expanded metal grating on rooftop complete with external ducting as shown on demolition drawing. | C25: Sum | D25: 1 | F25: =ROUND(E25*D25,2) -> 0
... A32: 39.19 | B32: Rebate offered by Tenderer for scrap value of equipment and components removed. ( negative value in BOQ to be indicated) | C32: Sum | D32: 1 | F32: =ROUND(E32*D32,2) -> 0
A33: 39.20 | B33: PROVISIONAL SUM: DEMOLITION WORKS | C33: sum | D33: 1 | E33: =+ROUND(SUBTOTAL(9,F13:F32)*20%,2) -> 0 | F33: =ROUND(E33*D33,2) -> 0
A34: DEMOLITION WORKS & COOLING TOWERS SUBTOTAL PRICE (EXCL VAT) | F34: =+SUBTOTAL(9,F14:F33) -> 0
B37: I, the bidder, confirm that the price(s) and rate(s) quoted cover all the goods and/or works specified in the bidding documents; that the price(s) or rate(s) cover all my obligations and I accept that any mistakes regarding price(s), rate(s) or calculations will be at my own risk. [Note: First convert to PDF, then add signature]
C38: Name
C40: Signature (above)

Sheet 4. FIRE PROTECTION SYSTEM HVAC
B1: SUPPLY CHAIN MANAGEMENT
B2: Pricing schedule
A3: RFx No | B3: RFB 3201/2025
A4: RFx Title | B4: REQUEST FOR BID FOR THE APPOINTMENT OF A SERVICE PROVIDER TO PROVIDE HVAC INFRASTRUCTURE UPGRADES AT SITA BETA DATA CENTRE FOR A PERIOD OF 42 MONTHS. | E4: SHEET 4. FIRE PROTECTION SYSTEM HVAC
A5: Bidder Name
A7: 1. INSTRUCTION FOR COMPLETING THE PRICING SCHEDULE
A8: (a) Bidder must complete/enter YELLOW cells only
A9: (b) Unit and Line prices must be VAT EXCLUSIVE and in South African Rand (ZAR) currency.
A10: (c) The price must include all cost to deliver the goods or render the service, including all applicable taxes, duty fees, logistics/delivery, storage, labour, overtime and subsistance and travel
A11: (d) Bidders must complete and submit bid pricing in the provided Excel spreadsheet format, and any pricing schedule submitted in a different format will not be considered.
A12: Item No | B12: Goods/Service description | C12: Unit of measure | D12: Qty | E12: Unit Cost | F12: Line Price Term (Excl VAT) | G12: BRAND / MODEL | H12: Price clarification comment
A13: 40 | B13: FIRE PROTECTION SYSTEM HVAC RELATED WORK : DATA HALL OFFICES AND STORE AREAS | F13: =SUBTOTAL(9,F14:F18) -> 0
A14: 40.1 | B14: Servicing and checking for correct operation, inclusive of actuators, of all fire dampers in the floor void at areas adjacent to the main office block | C14: Each | D14: 5 | F14: =ROUND(E14*D14,2) -> 0
A15: 40.2 | B15: Cleaning servicing and checking for operation of all in floor void axial flow fan systems to ensure they are operational. | C15: Each | D15: 6 | F15: =ROUND(E15*D15,2) -> 0
A16: 40.3 | B16: Checking all axial flow fan systems to ensure they are properly interfaced with the fire protection systems. ( to switch off on fire signal) | C16: Each | D16: 6 | F16: =ROUND(E16*D16,2) -> 0
A17: 40.4 | B17: Checking and rectifying of all HVAC grille outlets in the offices equipped with reheat systems to ensure that they are equipped with the required safety systems, i.e. overheat stats and flow switches. | C17: Each | D17: 6 | F17: =ROUND(E17*D17,2) -> 0
A18: 40.5 | B18: Removal of in floor ducting between store area 007 & 008. | C18: Sum | D18: 1 | F18: =ROUND(E18*D18,2) -> 0
A19: 41 | B19: DATA HALL ABLUTIONS AND REST AREA | F19: =SUBTOTAL(9,F20:F22) -> 0
A20: 41.1 | B20: Servicing and checking for the correct operation, inclusive of actuators of all induct and wall mounted fire dampers interfaced with fire protection systems in ducting and wall. | C20: Each | D20: 4 | F20: =ROUND(E20*D20,2) -> 0
A21: 41.2 | B21: Cleaning servicing and checking for operation of all in floor void axial flow fan systems to ensure they are operational. | C21: Each | D21: 2 | F21: =ROUND(E21*D21,2) -> 0
A22: 41.3 | B22: Checking for the correct operation of the interface between fan system and fire protection systems | C22: Each | D22: 2 | F22: =ROUND(E22*D22,2) -> 0
A23: 42 | B23: FIRE PROTECTION SYSTEM HVAC RELATED WORK : WORKSHOP AREA | F23: =SUBTOTAL(9,F24:F27) -> 0
A24: 42.1 | B24: Install a new 500 x 300 fire damper in the compartment walling supplying air from the computer room floor void to the workshop offices complete with actuator for interfacing to the fire protection systems | C24: Each | D24: 1 | F24: =ROUND(E24*D24,2) -> 0
A25: 42.3 | B25: Checking and rectifying of all HVAC grille outlets in the offices with reheat systems to ensure that they are equipped with the required safety systems, i.e. overheat stats and flow switches. Install new wall mounted controller x 1 | C25: Each | D25: 4 | F25: =ROUND(E25*D25,2) -> 0
A26: 42.5 | B26: Cleaning servicing and checking for operation of in floor void axial flow fan systems to ensure they are operational. | C26: Each | D26: 1 | F26: =ROUND(E26*D26,2) -> 0
A27: 42.7 | B27: Checking for the correct operation of the interface between the fire protection systems and fan system. | C27: Each | D27: 1 | F27: =ROUND(E27*D27,2) -> 0
A28: 43 | B28: FIRE PROTECTION SYSTEM HVAC RELATED WORK : SERVICE PASSAGES FRESH AIR AND EXTRACTION SYSTEMS | F28: =SUBTOTAL(9,F29:F38) -> 0
A29: 43.1 | B29: Servicing and checking for the correct operation of fire dampers installed in the fresh air systems at high level penetrating through the perimeter walls. | C29: Each | D29: 5 | F29: =ROUND(E29*D29,2) -> 0
A30: 43.2 | B30: Checking for the correct operation of the interface between gas suppressant systems and fire dampers installed in the fresh air systems penetrating through the perimeter walls. | C30: Each | D30: 5 | F30: =ROUND(E30*D30,2) -> 0
A31: 43.3 | B31: Servicing and checking for the correct operation of fire dampers installed in the extraction systems penetrating through the perimeter walls. | C31: Each | D31: 2 | F31: =ROUND(E31*D31,2) -> 0
A32: 43.4 | B32: Checking for the correct operation of the interface between gas suppressant systems and fire dampers installed in the extraction systems penetrating through the perimeter walls. | C32: Each | D32: 2 | F32: =ROUND(E32*D32,2) -> 0
A33: 43.5 | B33: Servicing and checking for the correct operation of the two fire dampers installed in the Archive vault walling penetrating through the perimeter walls. | C33: Each | D33: 2 | F33: =ROUND(E33*D33,2) -> 0
A34: 43.6 | B34: Checking for the correct operation of the interface between gas suppressant systems and the two fire dampers installed in the Archive vault walling penetrating through the perimeter walls. | C34: Each | D34: 2 | F34: =ROUND(E34*D34,2) -> 0
A35: 43.7 | B35: Servicing and checking for the correct operation of fire dampers installed in the ducted extract system serving the store 091 walls. | C35: Each | D35: 1 | F35: =ROUND(E35*D35,2) -> 0
A36: 43.8 | B36: Checking for the correct operation of the interface between gas suppressant systems and fire dampers installed in the ducted extract system serving the store 091 walls. | C36: Each | D36: 1 | F36: =ROUND(E36*D36,2) -> 0
A37: 43.9 | B37: Checking for the correct operation of the interface between fire protection systems and the extract fan serving store 091. | C37: Each | D37: 1 | F37: =ROUND(E37*D37,2) -> 0
A38: 43.10 | B38: Checking for the correct operation of the interface between fire protection system and the rooftop fresh air filter unit. | C38: Each | D38: 1 | F38: =ROUND(E38*D38,2) -> 0
A39: 44 | B39: NEW FIRE DAMPERS Supply and installation of new fire dampers complete with actuators and fire interface complete and commissioned | F39: =SUBTOTAL(9,F40:F52) -> 0
A40: 44.1 | B40: 1000 x 546 fire damper installed in CO2 extract fan duct at high level | C40: Each | D40: 2 | F40: =ROUND(E40*D40,2) -> 0
A41: 44.2 | B41: 500 x 300 fire damper installed in wall between passages | C41: Each | D41: 1 | F41: =ROUND(E41*D41,2) -> 0
A42: 44.3 | B42: 200 x 400 fire damper installed in fresh air duct at archive vault | C42: Each | D42: 1 | F42: =ROUND(E42*D42,2) -> 0
A43: 45.1 | B43: 450 x 300 fire damper installed at archive vault | C43: Each | D43: 1 | F43: =ROUND(E43*D43,2) -> 0
A44: 44.4 | B44: 700 x 400 fire damper installed in passage at archive vault | C44: Each | D44: 1 | F44: =ROUND(E44*D44,2) -> 0
A45: 44.5 | B45: 500 x 300 fire damper installed in at workshop area | C45: Each | D45: 1 | F45: =ROUND(E45*D45,2) -> 0
A46: 46.1 | B46: 600 x 400 fire damper installed in extract duct at store area | C46: Each | D46: 1 | F46: =ROUND(E46*D46,2) -> 0
A47: 44.6 | B47: 850 x 500 fire damper installed in fresh air duct at rooftop | C47: Each | D47: 1 | F47: =ROUND(E47*D47,2) -> 0
A48: 44.7 | B48: 500 x 300 fire damper installed in fresh air ducting | C48: Each | D48: 2 | F48: =ROUND(E48*D48,2) -> 0
A49: 47.1 | B49: 600 x 444 fire damper in floor void at offices | C49: Each | D49: 1 | F49: =ROUND(E49*D49,2) -> 0
A50: 44.8 | B50: 550 x 546 fire damper installed in toilet extract duct riser | C50: Each | D50: 1 | F50: =ROUND(E50*D50,2) -> 0
A51: 48.1 | B51: 1300 x 700 fire damper installed in floor void duct at offices | C51: Each | D51: 2 | F51: =ROUND(E51*D51,2) -> 0
A52: 44.9 | B52: 200 x 250 fire damper installed in floor void supply air duct | C52: Each | D52: 1 | F52: =ROUND(E52*D52,2) -> 0
A53: 45 | B53: FIRE PROTECTION SYSTEM HVAC RELATED WORK : BATTERY UPS AND LT ROOMS Supply, install and commission new fire dampers on the exhaust ducting where it crosses between compartment walls, complete with actuator to suite. Interfacing with fire protection systems by others | F53: =SUBTOTAL(9,F54:F59) -> 0
A54: 45.1 | B54: 400mm x 400mm new fire damper and actuator ( between battery and UPS room) FD03 | C54: Each | D54: 1 | F54: =ROUND(E54*D54,2) -> 0
A55: 45.2 | B55: 500mm x 400mm new fire damper and actuator ( between UPS room and LT room) FD04 | C55: Each | D55: 1 | F55: =ROUND(E55*D55,2) -> 0
A56: 45.3 | B56: 600mm x 500mm new fire damper and actuator ( between LT room and outside) | C56: Each | D56: 1 | F56: =ROUND(E56*D56,2) -> 0
A57: 45.4 | B57: Checking for the correct operation of the interface between the fire protection system and axial flow fan system. | C57: Each | D57: 1 | F57: =ROUND(E57*D57,2) -> 0
A58: 45.5 | B58: Remove existing 500 dia fan at low level, check clean service and reinstate. | C58: Sum | D58: 1 | F58: =ROUND(E58*D58,2) -> 0
A59: 45.6 | B59: Remove existing 400 dia fan at high level, check clean service and reinstate. | C59: Sum | D59: 1 | F59: =ROUND(E59*D59,2) -> 0
A60: 46 | B60: FIRE PROTECTION SYSTEM HVAC RELATED WORK : HT ROOM & TRANSFORMER ROOM Supply, install and commission new fire dampers on the exhaust ducting where it crosses between compartment walls, complete with actuator to suite. Interfacing with fire protection systems by others | F60: =SUBTOTAL(9,F61:F64) -> 0
A61: 46.1 | B61: 600mm x 300mm fire damper ( between TF room and HT room) FD06 | C61: Each | D61: 2 | F61: =ROUND(E61*D61,2) -> 0
A62: 46.2 | B62: 600mm x 600mm fire damper ( between HT room and CO2 room) | C62: Each | D62: 1 | F62: =ROUND(E62*D62,2) -> 0
A63: 46.3 | B63: Checking for the correct operation of the interface between the fire protection system and axial flow fan system. | C63: Each | D63: 1 | F63: =ROUND(E63*D63,2) -> 0
A64: 46.4 | B64: Remove existing 400 dia fan, check clean service and reinstate. | C64: Sum | D64: 1 | F64: =ROUND(E64*D64,2) -> 0
A65: 47 | B65: FIRE PROTECTION SYSTEM HVAC RELATED WORK : STORE AREA 089 EXTRACT FAN | F65: =SUBTOTAL(9,F66) -> 0
A66: 47.1 | B66: Remove existing 500 dia fan, check clean service and reinstate. | C66: Sum | D66: 1 | F66: =ROUND(E66*D66,2) -> 0
A67: 48 | B67: FIRE PROTECTION SYSTEM HVAC RELATED WORK : PASSAGE AREA 085 EXTRACT SYSTEM Supply, install and commission new fire dampers on the exhaust ducting where it crosses between compartment walls, complete with actuator to suite. Interfacing with fire protection systems by others | F67: =SUBTOTAL(9,F68:F71) -> 0
A68: 48.1 | B68: Fire damper 600 x 400 installed (FD07) | C68: Each | D68: 2 | F68: =ROUND(E68*D68,2) -> 0
A69: 48.2 | B69: Fire damper 600 x 600 installed at fan outlet | C69: Each | D69: 1 | F69: =ROUND(E69*D69,2) -> 0
A70: 48.3 | B70: Actuator to suite | C70: Each | D70: 2 | F70: =ROUND(E70*D70,2) -> 0
A71: 48.4 | B71: Remove existing 600 dia fan, check clean service and reinstate. | C71: Each | D71: 2 | F71: =ROUND(E71*D71,2) -> 0
A72: 49 | B72: FIRE PROTECTION SYSTEM HVAC RELATED WORK : PASSAGE AREA EXTRACT SYSTEM Supply, install and commission new fire dampers on the exhaust ducting where it crosses between compartment walls, complete with actuator to suite. Interfacing with fire protection systems by others | F72: =SUBTOTAL(9,F73:F76) -> 0
A73: 49.1 | B73: Fire damper 600 x 400 installed (FD06) | C73: Each | D73: 2 | F73: =ROUND(E73*D73,2) -> 0
A74: 49.2 | B74: Fire damper 600 x 600 installed at fan outlet | C74: Each | D74: 1 | F74: =ROUND(E74*D74,2) -> 0
A75: 49.3 | B75: Actuator to suite | C75: Each | D75: 2 | F75: =ROUND(E75*D75,2) -> 0
A76: 49.4 | B76: Remove existing 600 dia fan, check clean service and reinstate. | C76: Sum | D76: 1 | F76: =ROUND(E76*D76,2) -> 0
A77: 50 | B77: FIRE PROTECTION SYSTEM HVAC RELATED WORK : FIRE BLANKETS (HT & Transformer rooms) Remove existing, and install new fire blankets on service area doors complete with actuators interfaced with fire suppression systems | F77: =SUBTOTAL(9,F78:F80) -> 0
A78: 50.1 | B78: Remove existing fire blankets | C78: Each | D78: 6 | F78: =ROUND(E78*D78,2) -> 0
A79: 50.2 | B79: New fire blankets complete and installed (2000mm wide x 3000mm high) | C79: Each | D79: 6 | F79: =ROUND(E79*D79,2) -> 0
A80: 50.3 | B80: Actuators interfaced with gas suppression systems | C80: Each | D80: 6 | F80: =ROUND(E80*D80,2) -> 0
A81: 51 | B81: FIRE PROTECTION SYSTEM HVAC RELATED WORK : FIRE BLANKETS (LT, UPS & battery room Remove existing, and install new fire blankets on service area doors complete with actuators interfaced with fire suppression systems | F81: =SUBTOTAL(9,F82:F84) -> 0
A82: 51.1 | B82: Remove existing fire blankets | C82: Each | D82: 3 | F82: =ROUND(E82*D82,2) -> 0
A83: 51.2 | B83: New fire blankets complete and installed (2000mm wide x 3000mm high) | C83: Each | D83: 3 | F83: =ROUND(E83*D83,2) -> 0
A84: 51.3 | B84: Actuators interfaced with gas suppression systems | C84: Each | D84: 3 | F84: =ROUND(E84*D84,2) -> 0
A85: 52 | B85: FIRE PROTECTION SYSTEM HVAC RELATED WORK : FIRE BLANKETS (Genset room ) Remove existing, and install new fire blankets on service area doors complete with actuators interfaced with fire suppression systems | F85: =SUBTOTAL(9,F86:F88) -> 0
A86: 52.1 | B86: Remove existing fire blankets | C86: Each | D86: 3 | F86: =ROUND(E86*D86,2) -> 0
A87: 52.2 | B87: New fire blankets complete and installed (6000mm wide x 4000mm high) | C87: Each | D87: 3 | F87: =ROUND(E87*D87,2) -> 0
A88: 52.3 | B88: Actuators interfaced with gas suppression systems | C88: Each | D88: 3 | F88: =ROUND(E88*D88,2) -> 0
A89: 52.5 | B89: PROVISIONAL SUM: HVAC FIRE PROTECTION SYSYEM | C89: sum | D89: 1 | E89: =+ROUND(SUBTOTAL(9,F13:F88)*15%,2) -> 0 | F89: =ROUND(E89*D89,2) -> 0
A90: FIRE PROTECTION SYSTEM HVAC RELATED WORK TOTAL BID PRICE (EXCL VAT) | F90: =+SUBTOTAL(9,F13:F89) -> 0
B93: I, the bidder, confirm that the price(s) and rate(s) quoted cover all the goods and/or works specified in the bidding documents; that the price(s) or rate(s) cover all my obligations and I accept that any mistakes regarding price(s), rate(s) or calculations will be at my own risk. [Note: First convert to PDF, then add signature]
C94: Name
C96: Signature (above)

Sheet 5. ELECTRICAL
B1: SUPPLY CHAIN MANAGEMENT
B2: Pricing schedule
A3: RFx No | B3: RFB 3201/2025
A4: RFx Title | B4: REQUEST FOR BID FOR THE APPOINTMENT OF A SERVICE PROVIDER TO PROVIDE HVAC INFRASTRUCTURE UPGRADES AT SITA BETA DATA CENTRE FOR A PERIOD OF 42 MONTHS. | E4: SHEET 5. ELECTRICAL
A5: Bidder Name
A7: 1. INSTRUCTION FOR COMPLETING THE PRICING SCHEDULE
A8: (a) Bidder must complete/enter YELLOW cells only
A9: (b) Unit and Line prices must be VAT EXCLUSIVE and in South African Rand (ZAR) currency.
A10: (c) The price must include all cost to deliver the goods or render the service, including all applicable taxes, duty fees, logistics/delivery, storage, labour, overtime and subsistance and travel
A11: (d) Bidders must complete and submit bid pricing in the provided Excel spreadsheet format, and any pricing schedule submitted in a different format will not be considered.
F12: TOTAL
A13: Item No | B13: Goods/Service description | C13: Unit of measure | D13: Qty | E13: Unit Cost | F13: Line Price Term (Excl VAT) | G13: BRAND / MODEL | H13: Price clarification comment
A14: 53 | B14: LOW VOLTAGE MCC - SUPPLY, DELIVERY AND OFF-LOADING All costs for preparing distribution boards for shipping loading at works, transportation from works to site. Cost for packing material, wrapping or crating of distribution boards to be included. Cost for off loading on site and placing distribution boards in designated laydown area including required barricading and protection on site. | F14: =SUBTOTAL(9,F15:F18) -> 0
A15: 53.1 | B15: MCC 1 as per 1001668-DRG-EL-180 and fully assebled with: 1. Support Frame 2. K/U Clamp Mounting Brackets 3. Doors and Covers 4. Panel Server, IFM's and IFE's 5. Network Switch for accumulation 6. 24Vdc Power Supply 7. VSD's | C15: Each | D15: 2 | F15: =ROUND(E15*D15,2) -> 0
A16: 53.2 | B16: MCC 2 as per 1001668-DRG-EL-181 and fully assebled with: 1. Support Frame 2. K/U Clamp Mounting Brackets 3. Doors and Covers 4. Panel Server, IFM's and IFE's 5. Network Switch for accumulation 6. 24Vdc Power Supply 7. VSD's | C16: Each | D16: 2 | F16: =ROUND(E16*D16,2) -> 0
A17: 53.3 | B17: Stop/Start button | C17: Each | D17: 7 | F17: =ROUND(E17*D17,2) -> 0
A18: 53.4 | B18: 1m Steel pedestal with mounting bracket for Stop/Start | C18: Each | D18: 7 | F18: =ROUND(E18*D18,2) -> 0
A19: 54 | B19: LOW VOLTAGE DB's - SUPPLY, DELIVERY AND OFF-LOADING All costs for preparing distribution boards for shipping loading at works, transportation from works to site. Cost for packing material, wrapping or crating of distribution boards to be included. Cost for off loading on site and placing distribution boards in designated laydown area including required barricading and protection on site. | F19: =SUBTOTAL(9,F20:F27) -> 0
A20: 54.1 | B20: CRAH DB 1 as per 1001668-0000-DRG-EL-162a-DB-CRAH DB 1 and fully assembled with: 1. Support Frame 2. K/U Clamp Mounting Brackets 3. Doors and Covers 4. Panel Server, IFM's and IFE's 5. Network Switch for accumulation 6. 24Vdc Power Supply | C20: Each | D20: 1 | F20: =ROUND(E20*D20,2) -> 0
A21: 54.2 | B21: CRAH DB 2 as per 1001668-0000-DRG-EL-163a-DB-CRAH DB 2 and fully assembled with: 1. Support Frame 2. K/U Clamp Mounting Brackets 3. Doors and Covers 4. Panel Server, IFM's and IFE's 5. Network Switch for accumulation 6. 24Vdc Power Supply | C21: Each | D21: 1 | F21: =ROUND(E21*D21,2) -> 0
A22: 54.3 | B22: CRAH DB 3 as per 1001668-0000-DRG-EL-163a-DB-CRAH DB 3 and fully assembled with: 1. Support Frame 2. K/U Clamp Mounting Brackets 3. Doors and Covers 4. Panel Server, IFM's and IFE's 5. Network Switch for accumulation 6. 24Vdc Power Supply | C22: Each | D22: 1 | F22: =ROUND(E22*D22,2) -> 0
A23: 54.4 | B23: CRAH DB 4 as per 1001668-0000-DRG-EL-165a-DB-CRAH DB 4 and fully assembled with: 1. Support Frame 2. K/U Clamp Mounting Brackets 3. Doors and Covers 4. Panel Server, IFM's and IFE's 5. Network Switch for accumulation 6. 24Vdc Power Supply | C23: Each | D23: 1 | F23: =ROUND(E23*D23,2) -> 0
A24: 54.5 | B24: CRAH DB 5 as per 1001668-0000-DRG-EL-162b-DB-CRAH DB 5 and fully assembled with: 1. Support Frame 2. K/U Clamp Mounting Brackets 3. Doors and Covers 4. Panel Server, IFM's and IFE's 5. Network Switch for accumulation 6. 24Vdc Power Supply | C24: Each | D24: 1 | F24: =ROUND(E24*D24,2) -> 0
A25: 54.6 | B25: CRAH DB 6 as per 1001668-0000-DRG-EL-163a-DB-CRAH DB 6 and fully assembled with: 1. Support Frame 2. K/U Clamp Mounting Brackets 3. Doors and Covers 4. Panel Server, IFM's and IFE's 5. Network Switch for accumulation 6. 24Vdc Power Supply | C25: Each | D25: 1 | F25: =ROUND(E25*D25,2) -> 0
A26: 54.7 | B26: CRAH DB 7 as per 1001668-0000-DRG-EL-164a-DB-CRAH DB 7 and fully assembled with: 1. Support Frame 2. K/U Clamp Mounting Brackets 3. Doors and Covers 4. Panel Server, IFM's and IFE's 5. Network Switch for accumulation 6. 24Vdc Power Supply | C26: Each | D26: 1 | F26: =ROUND(E26*D26,2) -> 0
A27: 54.8 | B27: CRAH DB 8 as per 1001668-0000-DRG-EL-102-LV DB-C and fully assembled with: 1. Support Frame 2. K/U Clamp Mounting Brackets 3. Doors and Covers 4. Panel Server, IFM's and IFE's 5. Network Switch for accumulation 6. 24Vdc Power Supply | C27: Each | D27: 1 | F27: =ROUND(E27*D27,2) -> 0
A28: 55 | B28: LOW VOLTAGE MCC's and SWITCHBOARDS - INSTALLATION 1. All cost for moving of the distribution boards from designated storage area into the room to be included. Removal of package materials, placing distribution boards in position, installation of busbars/cabling as well as bolting down to floor. this will include costs for equipment, labour and other expenses for the on-site testing and commissioning of equipment shall be included in the tendered rates for testing and commissioning as set out in the measurement and payment clauses of each pieces of equipment and in the schedule of quantities. Any additional tests specified in the standard and detail specifications shall also be included in the tendered rates. | F28: =SUBTOTAL(9,F29:F40) -> 0
A29: 55.1 | B29: MCC 1 as per 1001668-DRG-EL-180 and fully assebled | C29: Each | D29: 2 | F29: =ROUND(E29*D29,2) -> 0
A30: 55.2 | B30: MCC 2 as per 1001668-DRG-EL-181 and fully assebled with: | C30: Each | D30: 2 | F30: =ROUND(E30*D30,2) -> 0
A31: 55.3 | B31: CRAH DB 1 as per 1001668-0000-DRG-EL-162a-DB-CRAH DB 1 and fully assembled | C31: Each | D31: 1 | F31: =ROUND(E31*D31,2) -> 0
A32: 55.4 | B32: CRAH DB 2 as per 1001668-0000-DRG-EL-163a-DB-CRAH DB 2 and fully assembled | C32: Each | D32: 1 | F32: =ROUND(E32*D32,2) -> 0
A33: 55.5 | B33: CRAH DB 3 as per 1001668-0000-DRG-EL-163a-DB-CRAH DB 3 and fully assembled | C33: Each | D33: 1 | F33: =ROUND(E33*D33,2) -> 0
A34: 55.6 | B34: CRAH DB 4 as per 1001668-0000-DRG-EL-165a-DB-CRAH DB 4 and fully assembled | C34: Each | D34: 1 | F34: =ROUND(E34*D34,2) -> 0
A35: 55.7 | B35: CRAH DB 5 as per 1001668-0000-DRG-EL-162b-DB-CRAH DB 5 and fully assembled | C35: Each | D35: 1 | F35: =ROUND(E35*D35,2) -> 0
A36: 55.8 | B36: CRAH DB 6 as per 1001668-0000-DRG-EL-163a-DB-CRAH DB 6 and fully assembled | C36: Each | D36: 1 | F36: =ROUND(E36*D36,2) -> 0
A37: 55.9 | B37: CRAH DB 7 as per 1001668-0000-DRG-EL-164a-DB-CRAH DB 7 and fully assembled with: | C37: Each | D37: 1 | F37: =ROUND(E37*D37,2) -> 0
A38: 55.10 | B38: CRAH DB 8 as per 1001668-0000-DRG-EL-102-LV DB-C and fully assembled | C38: Each | D38: 1 | F38: =ROUND(E38*D38,2) -> 0
A39: 55.11 | B39: Stop/Start button | C39: Each | D39: 7 | F39: =ROUND(E39*D39,2) -> 0
A40: 55.12 | B40: 1m Steel pedestal with mounting bracket for Stop/Start | C40: Each | D40: 7 | F40: =ROUND(E40*D40,2) -> 0
A41: 56 | B41: DISCONNECTION AND RECONNECTION OF EXISTING CABLING AND BUSBARS All costs for equipment, labour and other expenses shall be included in the tendered rates inclusive of terminations and modifications. | F41: =SUBTOTAL(9,F42:F47) -> 0
A42: 56.1 | B42: Disconnect and Reconnect existing cables terminations 150mm2 4C Cu | C42: Each | D42: 25 | F42: =ROUND(E42*D42,2) -> 0
A43: 56.2 | B43: Disconnect and Reconnect existing cables terminations 95mm2 4C Cu | C43: Each | D43: 25 | F43: =ROUND(E43*D43,2) -> 0
A44: 56.3 | B44: Disconnect and Reconnect existing cables terminations 70mm2 4C Cu | C44: Each | D44: 45 | F44: =ROUND(E44*D44,2) -> 0
A45: 56.4 | B45: Disconnect and Reconnect existing cables terminations 50mm2 4C Cu | C45: Each | D45: 32 | F45: =ROUND(E45*D45,2) -> 0
A46: 56.5 | B46: Disconnect and Reconnect existing cables terminations 25mm2 4C Cu | C46: Each | D46: 32 | F46: =ROUND(E46*D46,2) -> 0
A47: 56.6 | B47: Disconnect and Reconnect existing cables terminations 95mm2 1C Cu (Container Generator) | C47: Each | D47: 80 | F47: =ROUND(E47*D47,2) -> 0
A48: 57 | B48: LOW VOLTAGE COPPER CABLING - SUPPLY, DELIVERY AND OFF-LOADING All costs for preparing cables for shipping loading at works transportation from works to site. Cost for packing material, wrapping or crating of panels to be included. Cost for off loading on site and placing in designated laydown area including required barricading and protection on site. | F48: =SUBTOTAL(9,F49:F72) -> 0
A49: 57.1 | B49: 240mm2: 4-Core With ECC 600/1000V; XLPE Insulated/PVC Sheathed Armoured | C49: metre | D49: 1000 | F49: =ROUND(E49*D49,2) -> 0
A50: 57.2 | B50: 240mm2: 1-Core 600/1000V; XLPE Insulated/PVC Sheathed Armoured | C50: metre | D50: 1000 | F50: =ROUND(E50*D50,2) -> 0
A51: 57.3 | B51: 185mm2: 4-Core With ECC 600/1000V; XLPE Insulated/PVC Sheathed ArmouredCore Armoured | C51: metre | D51: 1000 | F51: =ROUND(E51*D51,2) -> 0
A52: 57.4 | B52: 185mm2: 1-Core 600/1000V; XLPE Insulated/PVC Sheathed Armoured LV | C52: metre | D52: 1000 | F52: =ROUND(E52*D52,2) -> 0
A53: 57.5 | B53: 185mm2: 1-Core POLY BRAID | C53: metre | D53: 1000 | F53: =ROUND(E53*D53,2) -> 0
A54: 57.6 | B54: 150mm2: 4-Core With ECC 600/1000V; XLPE Insulated/PVC Sheathed ArmouredCore Armoured LV CU PVC SWA ECC CABLE | C54: metre | D54: 1000 | F54: =ROUND(E54*D54,2) -> 0
A55: 57.7 | B55: 150mm2: 1-Core 600/1000V; XLPE Insulated/PVC Sheathed Armoured | C55: metre | D55: 1000 | F55: =ROUND(E55*D55,2) -> 0
A56: 57.8 | B56: 95mm2: 4-Core With ECC 600/1000V; XLPE Insulated/PVC Sheathed ArmouredCore Armoured LV CU PVC SWA ECC CABLE | C56: metre | D56: 1000 | F56: =ROUND(E56*D56,2) -> 0
A57: 57.9 | B57: 95mm2: 1-Core 600/1000V; XLPE Insulated/PVC Sheathed Armoured | C57: metre | D57: 1000 | F57: =ROUND(E57*D57,2) -> 0
A58: 57.10 | B58: 70mm2: 4-Core With ECC 600/1000V; XLPE Insulated/PVC Sheathed ArmouredCore Armoured LV CU PVC SWA ECC CABLE | C58: metre | D58: 1000 | F58: =ROUND(E58*D58,2) -> 0
A59: 57.11 | B59: 70mm2: 1-Core 600/1000V; XLPE Insulated/PVC Sheathed Armoured | C59: metre | D59: 1000 | F59: =ROUND(E59*D59,2) -> 0
A60: 57.12 | B60: 16mm2: 4-Core With ECC 600/1000V; XLPE Insulated/PVC Sheathed ArmouredCore Armoured LV CU PVC SWA ECC CABLE | C60: metre | D60: 2000 | F60: =ROUND(E60*D60,2) -> 0
... A70: 57.22 | B70: 6mm2 LV Cu CABLES: Insulated E/W | C70: metre | D70: 2000 | F70: =ROUND(E70*D70,2) -> 0
A71: 57.23 | B71: 6mm2 LV Cable: HO7 RN-F Flexible Trailing Cable 5 Core | C71: metre | D71: 500 | F71: =E71*D71 -> 0
A72: 57.24 | B72: 6mm2 LV Cable: HO7 RN-F Flexible Trailing Cable 3 Core | C72: metre | D72: 3000 | F72: =E72*D72 -> 0
A73: 58 | B73: LOW VOLTAGE COPPER CABLING - INSTALL All costs for equipment, labour, terminations and other expenses shall be included in the tendered rates for installation as set out in the measurement and payment clauses of each piece of equipment and in the schedule of quantities. All cost for moving of the equipmet from designated storage area into the room to be included. | F73: =SUBTOTAL(9,F74:F97) -> 0
A74: 58.1 | B74: 240mm2: 4-Core With ECC 600/1000V; XLPE Insulated/PVC Sheathed Armoured | C74: metre | D74: 1000 | F74: =ROUND(E74*D74,2) -> 0
A75: 58.2 | B75: 240mm2: 1-Core 600/1000V; XLPE Insulated/PVC Sheathed Armoured | C75: metre | D75: 1000 | F75: =ROUND(E75*D75,2) -> 0
A76: 58.3 | B76: 185mm2: 4-Core With ECC 600/1000V; XLPE Insulated/PVC Sheathed ArmouredCore Armoured | C76: metre | D76: 1000 | F76: =ROUND(E76*D76,2) -> 0
A77: 58.4 | B77: 185mm2: 1-Core 600/1000V; XLPE Insulated/PVC Sheathed Armoured LV | C77: metre | D77: 1000 | F77: =ROUND(E77*D77,2) -> 0
A78: 58.5 | B78: 185mm2: 1-Core POLY BRAID | C78: metre | D78: 1000 | F78: =ROUND(E78*D78,2) -> 0
A79: 58.6 | B79: 150mm2: 4-Core With ECC 600/1000V; XLPE Insulated/PVC Sheathed ArmouredCore Armoured LV CU PVC SWA ECC CABLE | C79: metre | D79: 1000 | F79: =ROUND(E79*D79,2) -> 0
A80: 58.7 | B80: 150mm2: 1-Core 600/1000V; XLPE Insulated/PVC Sheathed Armoured | C80: metre | D80: 1000 | F80: =ROUND(E80*D80,2) -> 0
A81: 58.8 | B81: 95mm2: 4-Core With ECC 600/1000V; XLPE Insulated/PVC Sheathed ArmouredCore Armoured LV CU PVC SWA ECC CABLE | C81: metre | D81: 1000 | F81: =ROUND(E81*D81,2) -> 0
A82: 58.9 | B82: 95mm2: 1-Core 600/1000V; XLPE Insulated/PVC Sheathed Armoured | C82: metre | D82: 1000 | F82: =ROUND(E82*D82,2) -> 0
A83: 58.10 | B83: 70mm2: 4-Core With ECC 600/1000V; XLPE Insulated/PVC Sheathed ArmouredCore Armoured LV CU PVC SWA ECC CABLE | C83: metre | D83: 1000 | F83: =ROUND(E83*D83,2) -> 0
A84: 58.11 | B84: 70mm2: 1-Core 600/1000V; XLPE Insulated/PVC Sheathed Armoured | C84: metre | D84: 1000 | F84: =ROUND(E84*D84,2) -> 0
A85: 58.12 | B85: 16mm2: 4-Core With ECC 600/1000V; XLPE Insulated/PVC Sheathed ArmouredCore Armoured LV CU PVC SWA ECC CABLE | C85: metre | D85: 2000 | F85: =ROUND(E85*D85,2) -> 0
... A95: 58.22 | B95: 6mm2 LV Cu CABLES: Insulated E/W | C95: metre | D95: 2000 | F95: =ROUND(E95*D95,2) -> 0
A96: 58.23 | B96: 6mm2 LV Cable: HO7 RN-F Flexible Trailing Cable 5 Core | C96: metre | D96: 500 | F96: =E96*D96 -> 0
A97: 58.24 | B97: 6mm2 LV Cable: HO7 RN-F Flexible Trailing Cable 3 Core | C97: metre | D97: 3000 | F97: =E97*D97 -> 0
A98: 59 | B98: LOW VOLTAGE COPPER CABLING - TERMINATIONS All costs for material, equipment, labour and other expenses shall be included in the tendered rates for testing and commissioning as set out in the measurement and payment clauses of each piece of equipment and in the schedule of quantities. Termination inclusive of: lugs for all cores, shrouds and cable glands (E1W VS - CCG or similar) | F98: =SUBTOTAL(9,F99:F119) -> 0
A99: 59.1 | B99: 240mm2: 4-Core With ECC 600/1000V; XLPE Insulated/PVC Sheathed Armoured | C99: Each | D99: 150 | F99: =ROUND(E99*D99,2) -> 0
A100: 59.2 | B100: 240mm2: 1-Core 600/1000V; XLPE Insulated/PVC Sheathed Armoured | C100: Each | D100: 150 | F100: =ROUND(E100*D100,2) -> 0
A101: 59.3 | B101: 185mm2: 4-Core With ECC 600/1000V; XLPE Insulated/PVC Sheathed ArmouredCore Armoured | C101: Each | D101: 150 | F101: =ROUND(E101*D101,2) -> 0
A102: 59.4 | B102: 185mm2: 1-Core 600/1000V; XLPE Insulated/PVC Sheathed Armoured LV | C102: Each | D102: 150 | F102: =ROUND(E102*D102,2) -> 0
A103: 59.5 | B103: 185mm2: 1-Core POLY BRAID | C103: Each | D103: 150 | F103: =ROUND(E103*D103,2) -> 0
A104: 59.6 | B104: 150mm2: 4-Core With ECC 600/1000V; XLPE Insulated/PVC Sheathed ArmouredCore Armoured LV CU PVC SWA ECC CABLE | C104: Each | D104: 150 | F104: =ROUND(E104*D104,2) -> 0
A105: 59.7 | B105: 150mm2: 1-Core 600/1000V; XLPE Insulated/PVC Sheathed Armoured | C105: Each | D105: 150 | F105: =ROUND(E105*D105,2) -> 0
A106: 59.8 | B106: 95mm2: 4-Core With ECC 600/1000V; XLPE Insulated/PVC Sheathed ArmouredCore Armoured LV CU PVC SWA ECC CABLE | C106: Each | D106: 150 | F106: =ROUND(E106*D106,2) -> 0
A107: 59.9 | B107: 95mm2: 1-Core 600/1000V; XLPE Insulated/PVC Sheathed Armoured | C107: Each | D107: 150 | F107: =ROUND(E107*D107,2) -> 0
A108: 59.10 | B108: 70mm2: 4-Core With ECC 600/1000V; XLPE Insulated/PVC Sheathed ArmouredCore Armoured LV CU PVC SWA ECC CABLE | C108: Each | D108: 150 | F108: =ROUND(E108*D108,2) -> 0
A109: 59.11 | B109: 70mm2: 1-Core 600/1000V; XLPE Insulated/PVC Sheathed Armoured | C109: Each | D109: 150 | F109: =ROUND(E109*D109,2) -> 0
A110: 59.12 | B110: 16mm2: 4-Core With ECC 600/1000V; XLPE Insulated/PVC Sheathed ArmouredCore Armoured LV CU PVC SWA ECC CABLE | C110: Each | D110: 150 | F110: =ROUND(E110*D110,2) -> 0
... A119: 59.21 | B119: 6mm2 LV Cu CABLES: Insulated E/W | C119: Each | D119: 150 | F119: =ROUND(E119*D119,2) -> 0
A120: 60 | B120: LINE TAP - SUPPLY, DELIVERY, OFF-LOADING AND INSTALL All costs for preparing for shipping loading at works transportation from works to site. Cost for packing material, wrapping or crating of panels to be included. Cost for off loading on site and placing in designated laydown area including required barricading and protection on site. | F120: =SUBTOTAL(9,F121) -> 0
A121: 60.1 | B121: 70mm2 LINE TAP | C121: metre | D121: 1200 | F121: =ROUND(E121*D121,2) -> 0
A122: 61 | B122: LINE TAP - INSTALL All costs for equipment, labour and other expenses shall be included in the tendered rates for installation as set out in the measurement and payment clauses of each piece of equipment and in the schedule of quantities. All cost for moving of the equipmet from designated storage area into the room to be included. | F122: =SUBTOTAL(9,F123) -> 0
A123: 61.1 | B123: 70mm2 LINE TAP | C123: metre | D123: 1200 | F123: =ROUND(E123*D123,2) -> 0
A124: 62 | B124: CABLE LADDER : SUPPLY, DELIVERY AND OFF-LOADING All costs for preparing for shipping loading at works transportation from works to site. Cost for packing material, wrapping or crating of panels to be included. Cost for off loading on site and placing in designated laydown area including required barricading and protection on site. This will include supports for every 2000mm and minimum 350mm high, Hold Down Bolts and associated fastening material and accesssories. | F124: =SUBTOTAL(9,F125:F140) -> 0
A125: 62.1 | B125: 900W - Straight | C125: metre | D125: 600 | F125: =ROUND(E125*D125,2) -> 0
A126: 62.2 | B126: 900W - Bend | C126: Each | D126: 60 | F126: =ROUND(E126*D126,2) -> 0
A127: 62.3 | B127: 900W - T Piece | C127: Each | D127: 60 | F127: =ROUND(E127*D127,2) -> 0
...

Sheet 6. BMS
B1: SUPPLY CHAIN MANAGEMENT
B2: Pricing schedule
A3: RFx No | B3: RFB 3201/2025 | E3: SHEET 6. BMS
A4: RFx Title | B4: Appointment Of A Service Provider For HVAC Infrastructure Upgrades at SITA Beta Data Centre
A5: Bidder Name
A7: 1. INSTRUCTION FOR COMPLETING THE PRICING SCHEDULE
A8: (a) Bidder must complete/enter YELLOW cells only
A9: (b) Unit and Line prices must be VAT EXCLUSIVE and in South African Rand (ZAR) currency.
A10: (c) The price must include all cost to deliver the goods or render the service, including all applicable taxes, duty fees, logistics/delivery, storage, labour, overtime and subsistence and travel
A12: Item No | B12: Goods/Service description | C12: Unit of measure | D12: Qty | E12: Unit Cost | F12: Line Price Term (Excl VAT) | G12: BRAND / MODEL | H12: Price clarification comment
A13: 72 | B13: CRAH UNITS (ALL) Containment / Wiring and Wireways as per specification | F13: =SUBTOTAL(9, F14:F17) -> 0
A14: 72.1 | B14: Fibre | C14: m | D14: =386*1.5 -> 579 | F14: =ROUND(E14*D14,2) -> 0 | K14: Distance to bms air airconworkshop X 1.5SF
A15: 72.2 | B15: CAT 6 Network Cable | C15: m | D15: =386*2*1.5 -> 1158 | F15: =ROUND(E15*D15,2) -> 0 | K15: Data centre -2 & -1 perimeter cabling x 2 x 1.5sf
A16: 72.3 | B16: I/O | C16: Each | D16: =1064*1.2 -> 1276.8 | F16: =ROUND(E16*D16,2) -> 0 | K16: BMS points list for L-2 & -1 X1.2 sf
A17: 72.4 | B17: Labour for installation | C17: Sum | D17: 1 | F17: =ROUND(E17*D17,2) -> 0 | K17: Sum all
A18: 73 | B18: CRAH UNITS (ALL): Cable management and containment as per specification to ensure a complete installation | F18: =SUBTOTAL(9, F19:F22) -> 0
A19: 73.1 | B19: Fibre | C19: m | D19: =+D14 -> 579 | F19: =ROUND(E19*D19,2) -> 0 | K19: Distance to bms air airconworkshop x 1.5 sf
A20: 73.2 | B20: CAT 6 Network Cable | C20: m | D20: =386*2 -> 772 | F20: =ROUND(E20*D20,2) -> 0 | K20: Data centre -2 & -1 perimeter cabling x 1.3 sf
A21: 73.3 | B21: I/O | C21: m | D21: =20*41 -> 820 | F21: =ROUND(E21*D21,2) -> 0 | K21: 20m/CRAH unit
A22: 73.4 | B22: Labour for installation | C22: Sum | D22: 1 | F22: =ROUND(E22*D22,2) -> 0 | K22: Sum all
A23: 74 | B23: CRAH UNITS (ALL): Termination of devices in network at field devices and controllers | F23: =SUBTOTAL(9, F24:F27) -> 0
A24: 74.1 | B24: Fibre | C24: Each | D24: 8 | F24: =ROUND(E24*D24,2) -> 0
A25: 74.2 | B25: CAT 6 Network Cable | C25: Each | D25: 4 | F25: =ROUND(E25*D25,2) -> 0
A26: 74.3 | B26: I/O | C26: Each | D26: =+D16 -> 1276.8 | F26: =ROUND(E26*D26,2) -> 0
A27: 74.4 | B27: Labour for installation | C27: Sum | D27: 1 | F27: =ROUND(E27*D27,2) -> 0
A28: 75 | B28: CRAH UNITS (ALL) Field sensors | F28: =SUBTOTAL(9, F29:F33) -> 0
A29: 75.1 | B29: Cabling / Wiring as per specification | C29: m | D29: =20*40 -> 800 | F29: =ROUND(E29*D29,2) -> 0 | K29: 20m/ahu
A30: 75.2 | B30: Fibre | C30: m | D30: 10 | F30: =ROUND(E30*D30,2) -> 0
A31: 75.3 | B31: CAT 6 Network Cable | C31: m | D31: 220 | F31: =ROUND(E31*D31,2) -> 0
A32: 75.4 | B32: I/O | C32: Each | D32: =40*3 -> 120 | F32: =ROUND(E32*D32,2) -> 0
A33: 75.5 | B33: Labour for installation | C33: Sum | D33: 1 | F33: =ROUND(E33*D33,2) -> 0
A34: 76 | B34: CRAH UNITS (ALL): Supply and install infrastructure for the controlling and monitoring of all CRAH units as listed complete as required as per the point list. CRAH unit supplied with BACnet, Modbus TCP/IP compatible controls. Include extension modules as needed. | F34: =SUBTOTAL(9, F35:F36) -> 0
A35: 76.1 | B35: Computer room and mainframe area (CRAC unit Nr) | C35: Each | D35: 13 | F35: =ROUND(E35*D35,2) -> 0
A36: 76.2 | B36: UPS area (CRAH unit Nr) | C36: Each | D36: 2 | F36: =ROUND(E36*D36,2) -> 0
A37: 77 | B37: FIRE DAMPERS: Cabling / Wiring as per specification | F37: =SUBTOTAL(9, F38:F41) -> 0
A38: 77.1 | B38: Fibre | C38: m | D38: =386*1.2 -> 463.2 | F38: =ROUND(E38*D38,2) -> 0 | K38: Distance to bms air airconworkshop X 1.2SF
A39: 77.2 | B39: CAT 6 Network Cable | C39: m | D39: =386*1.2 -> 463.2 | F39: =ROUND(E39*D39,2) -> 0 | K39: Data centre -2 perimeter cabling x 1.5sf
A40: 77.3 | B40: I/O | C40: Each | D40: =72*3 -> 216 | F40: =ROUND(E40*D40,2) -> 0 | K40: BMS points list for dampers
A41: 77.4 | B41: Labour for installation | C41: Sum | D41: 1 | F41: =ROUND(E41*D41,2) -> 0 | K41: Sum all
A42: 78 | B42: FIRE DAMPERS: Cable management and containment as per specification to ensure a complete installation | F42: =SUBTOTAL(9, F43:F46) -> 0
A43: 78.1 | B43: Fibre | C43: m | D43: =+D38 -> 463.2 | F43: =ROUND(E43*D43,2) -> 0 | K43: Distance to bms air airconworkshop x 1.5 sf
A44: 78.2 | B44: CAT 6 Network Cable | C44: m | D44: =386*1.3 -> 501.8 | F44: =ROUND(E44*D44,2) -> 0 | K44: Data centre -2 perimeter cabling x 1.3 sf
A45: 78.3 | B45: I/O | C45: m | D45: =26*20 -> 520 | F45: =ROUND(E45*D45,2) -> 0 | K45: 20m/damper module
A46: 78.4 | B46: Labour for installation | C46: Sum | D46: 1 | F46: =ROUND(E46*D46,2) -> 0 | K46: Sum all
A47: 79 | B47: FIRE DAMPERS: Termination of devices in network at field devices and controllers | F47: =SUBTOTAL(9, F48:F51) -> 0
A48: 79.1 | B48: Fibre | C48: Each | D48: 8 | F48: =ROUND(E48*D48,2) -> 0
A49: 79.2 | B49: CAT 6 Network Cable | C49: Each | D49: 4 | F49: =ROUND(E49*D49,2) -> 0
A50: 79.3 | B50: I/O | C50: Each | D50: =+D40 -> 216 | F50: =ROUND(E50*D50,2) -> 0
A51: 79.4 | B51: Labour for installation | C51: Sum | D51: 1 | F51: =ROUND(E51*D51,2) -> 0
A52: 80 | B52: FIRE DAMPERS: Field sensors | F52: =SUBTOTAL(9, F53:F58) -> 0
A53: 80.1 | B53: Cabling / Wiring as per specification | C53: m | D53: =26*20 -> 520 | F53: =ROUND(E53*D53,2) -> 0 | K53: 20m/damper module
A54: 80.1 | B54: Fibre | C54: m | D54: 10 | F54: =ROUND(E54*D54,2) -> 0
A55: 80.3 | B55: CAT 6 Network Cable | C55: m | D55: =+D53 -> 520 | F55: =ROUND(E55*D55,2) -> 0
A56: 80.4 | B56: I/O | C56: Each | D56: =+D50 -> 216 | F56: =ROUND(E56*D56,2) -> 0
A57: 80.5 | B57: Labour for installation | C57: Sum | D57: 1 | F57: =ROUND(E57*D57,2) -> 0
A58: 80.6 | B58: Field device controllers to suite | C58: Sum | D58: 1 | F58: =ROUND(E58*D58,2) -> 0
A59: 81 | B59: CHILLER PLANT (CHILLERS, BUFFER TANKS ANG PUMPS) : Cabling / Wiring as per specification | F59: =SUBTOTAL(9, F60:F63) -> 0
A60: 81.1 | B60: Fibre | C60: m | D60: =187*1.2 -> 224.4 | F60: =ROUND(E60*D60,2) -> 0 | K60: Distance to bms air airconworkshop X 1.2SF
A61: 81.2 | B61: CAT 6 Network Cable | C61: m | D61: =120*1.3 -> 156 | F61: =ROUND(E61*D61,2) -> 0 | K61: Chillers pump systems x 1.3 sf
A62: 81.3 | B62: I/O | C62: Each | D62: =148*1.2 -> 177.6 | F62: =ROUND(E62*D62,2) -> 0 | K62: BMS points list for chiller pumps x 1.2 sf
A63: 81.4 | B63: Labour for installation | C63: Sum | D63: 1 | F63: =ROUND(E63*D63,2) -> 0 | K63: Sum all
A64: 82 | B64: CHILLER PLANT (CHILLERS, BUFFER TANKS AND PUMPS) :Cable management and containment as per specification to ensure a complete installation | F64: =SUBTOTAL(9, F65:F68) -> 0
A65: 82.1 | B65: Fibre | C65: m | D65: =+D60 -> 224.4 | F65: =ROUND(E65*D65,2) -> 0 | K65: Distance to bms air airconworkshop x 1.2 sf
A66: 82.2 | B66: CAT 6 Network Cable | C66: m | D66: 500 | F66: =ROUND(E66*D66,2) -> 0 | K66: =+K61 -> Chillers pump systems x 1.3 sf
A67: 82.3 | B67: I/O | C67: m | D67: =120*1.3 -> 156 | F67: =ROUND(E67*D67,2) -> 0 | K67: 60m/pumproom x 2 x 1.3sf
A68: 82.4 | B68: Labour for installation | C68: Sum | D68: 1 | F68: =ROUND(E68*D68,2) -> 0 | K68: Sum all
A69: 83 | B69: CHILLER PLANT (CHILLERS, BUFFER TANKS AND PUMPS) :Termination of devices in network at field devices and controllers | F69: =SUBTOTAL(9, F70:F73) -> 0
A70: 83.1 | B70: Fibre | C70: Each | D70: 3 | F70: =ROUND(E70*D70,2) -> 0
A71: 83.2 | B71: CAT 6 Network Cable | C71: Each | D71: 3 | F71: =ROUND(E71*D71,2) -> 0
A72: 83.3 | B72: I/O | C72: Each | D72: =84*1.2 -> 100.8 | F72: =ROUND(E72*D72,2) -> 0 | K72: Hard[points x 1,2 sf
A73: 83.4 | B73: Labour for installation | C73: Sum | D73: 1 | F73: =ROUND(E73*D73,2) -> 0
A74: 84 | B74: CHILLER PLANT (CHILLERS, BUFFER TANKS AND PUMPS) : Field sensors | F74: =SUBTOTAL(9, F75:F81) -> 0
A75: 84.1 | B75: Fibre | C75: m | D75: 300 | F75: =ROUND(E75*D75,2) -> 0
A76: 84.1 | B76: CAT 6 Network Cable | C76: m | D76: 500 | F76: =ROUND(E76*D76,2) -> 0 | K76: 60m/pumproom x 2 x 1.3sf
A77: 84.1 | B77: I/O | C77: Each | D77: =+D72 -> 100.8 | F77: =ROUND(E77*D77,2) -> 0
A78: 84.1 | B78: Labour for installation | C78: Sum | D78: 1 | F78: =ROUND(E78*D78,2) -> 0
A79: 84.1 | B79: Field device controllers to suite (Chillers and pumps) | C79: Sum | D79: 1 | F79: =ROUND(E79*D79,2) -> 0
A80: 84.1 | B80: Temperature sensors in pumproom | C80: Nr | D80: 8 | F80: =ROUND(E80*D80,2) -> 0
A81: 84.1 | B81: Differential pressure sensors in main lines | C81: Nr | D81: 4 | F81: =ROUND(E81*D81,2) -> 0
A82: 85 | B82: FAN SYSTEMS: Cabling / Wiring as per specification | F82: =SUBTOTAL(9, F83:F86) -> 0
A83: 85 | B83: Fibre | C83: m | D83: 230 | F83: =ROUND(E83*D83,2) -> 0 | K83: Distance to bms air airconworkshop X 1.5SF
A84: 85.2 | B84: CAT 6 Network Cable | C84: m | D84: =140*1.3 -> 182 | F84: =ROUND(E84*D84,2) -> 0 | K84: Data centre -2 & -1 perimeter cabling x 2 x 1.5sf
A85: 85.3 | B85: I/O | C85: Each | D85: =56*1.2 -> 67.2 | F85: =ROUND(E85*D85,2) -> 0 | K85: BMS points list for fans x 5 x 1.2
A86: 85.4 | B86: Labour for installation | C86: Sum | D86: 1 | F86: =ROUND(E86*D86,2) -> 0 | K86: Sum all
A87: 86 | B87: FAN SYSTEMS: Cable management and containment as per specification to ensure a complete installation | F87: =SUBTOTAL(9, F88:F91) -> 0
A88: 86.1 | B88: Fibre | C88: m | D88: 230 | F88: =ROUND(E88*D88,2) -> 0 | K88: Distance to bms air airconworkshop x 1.5 sf
A89: 86.2 | B89: CAT 6 Network Cable | C89: m | D89: =+D84*0.8 -> 145.6 | F89: =ROUND(E89*D89,2) -> 0 | K89: Cable trays all
A90: 86.3 | B90: I/O | C90: m | D90: 100 | F90: =ROUND(E90*D90,2) -> 0 | K90: 20m/fan unit
A91: 86.4 | B91: Labour for installation | C91: Sum | D91: 1 | F91: =ROUND(E91*D91,2) -> 0 | K91: Sum all
A92: 87 | B92: FAN SYSTEMS: Termination of devices in network at field devices and controllers | F92: =SUBTOTAL(9, F93:F96) -> 0
A93: 87.1 | B93: Fibre | C93: Each | D93: 2 | F93: =ROUND(E93*D93,2) -> 0
A94: 87.2 | B94: CAT 6 Network Cable | C94: Each | D94: 5 | F94: =ROUND(E94*D94,2) -> 0
A95: 87.3 | B95: I/O | C95: Each | D95: =+D85 -> 67.2 | F95: =ROUND(E95*D95,2) -> 0
A96: 87.4 | B96: Labour for installation | C96: Sum | D96: 1 | F96: =ROUND(E96*D96,2) -> 0
A97: 88 | B97: FAN SYSTEMS: Field sensors | F97: =SUBTOTAL(9, F98:F103) -> 0
A98: 88.1 | B98: Cabling / Wiring as per specification | C98: m | D98: =100*1.2 -> 120 | F98: =ROUND(E98*D98,2) -> 0 | K98: 20m/fan
A99: 88.2 | B99: Fibre | C99: m | D99: 1 | F99: =ROUND(E99*D99,2) -> 0
A100: 88.3 | B100: CAT 6 Network Cable | C100: m | D100: =100*1.2 -> 120 | F100: =ROUND(E100*D100,2) -> 0 | K100: 20m/fan
A101: 88.4 | B101: I/O | C101: Each | D101: =+D95 -> 67.2 | F101: =ROUND(E101*D101,2) -> 0
A102: 88.5 | B102: Labour for installation | C102: Sum | D102: 1 | F102: =ROUND(E102*D102,2) -> 0
...

Sheet 7. DAYWORK RATES
B1: SUPPLY CHAIN MANAGEMENT
B2: Pricing schedule
A3: RFx No | B3: RFB 3201/2025
A4: RFx Title | B4: REQUEST FOR BID FOR THE APPOINTMENT OF A SERVICE PROVIDER TO PROVIDE HVAC INFRASTRUCTURE UPGRADES AT SITA BETA DATA CENTRE FOR A PERIOD OF 42 MONTHS. | E4: SHEET 7. DAYWORK RATES
A5: Bidder Name
A7: 1. INSTRUCTION FOR COMPLETING THE PRICING SCHEDULE
A8: (a) Bidder must complete/enter YELLOW cells only
A9: (b) Unit and Line prices must be VAT EXCLUSIVE and in South African Rand (ZAR) currency.
A10: (c) The price must include all cost to deliver the goods or render the service, including all applicable taxes, duty fees, logistics/delivery, storage, labour, overtime and subsistance and travel
A11: (d) Bidders must complete and submit bid pricing in the provided Excel spreadsheet format, and any pricing schedule submitted in a different format will not be considered.
F12: TOTAL
A13: Item No | B13: Goods/Service description | C13: Unit of measure | D13: Qty | E13: Unit Cost | F13: Line Price Term (Excl VAT) | G13: BRAND / MODEL | H13: Price clarification comment
A15: BETA DATA CENTRE
A16: 90 | B16: DAYWORK UNIT RATES: LABOUR Note that the quantities indicated below are only for evaluation purposes and to determine the contract unit rates. The final quantities will be based on works orders. | F16: =SUBTOTAL(9, F17:F21) -> 0
A17: 90.1 | B17: Labour | C17: Unit rate per hour | D17: 3000 | F17: =ROUND(E17*D17,2) -> 0
A18: 90.2 | B18: Unskilled labourers | C18: Unit rate per hour | D18: 3000 | F18: =ROUND(E18*D18,2) -> 0
A19: 90.3 | B19: Semi - skilled labourers | C19: Unit rate per hour | D19: 3000 | F19: =ROUND(E19*D19,2) -> 0
A20: 90.4 | B20: Artisans | C20: Unit rate per hour | D20: 3000 | F20: =ROUND(E20*D20,2) -> 0
A21: 90.5 | B21: Foreman/supervision | C21: Unit rate per hour | D21: 3000 | F21: =ROUND(E21*D21,2) -> 0
A22: DAYWORK TOTAL BID PRICE (EXCL VAT) | F22: =+SUBTOTAL(9,F16:F21) -> 0
B25: I, the bidder, confirm that the price(s) and rate(s) quoted cover all the goods and/or works specified in the bidding documents; that the price(s) or rate(s) cover all my obligations and I accept that any mistakes regarding price(s), rate(s) or calculations will be at my own risk. [Note: First convert to PDF, then add signature]
C26: Name
C28: Signature (above)

Sheet 8. MAINTENANCE SUPPORT
B1: SUPPLY CHAIN MANAGEMENT
B2: Pricing schedule
A3: RFB No | B3: RFB 3201/2025
A4: RFB Title | B4: REQUEST FOR BID FOR THE APPOINTMENT OF A SERVICE PROVIDER TO PROVIDE HVAC INFRASTRUCTURE UPGRADES AT SITA BETA DATA CENTRE FOR A PERIOD OF 42 MONTHS. | E4: SHEET 8. MAINTENANCE SUPPORT
A5: Bidder Name
A7: 1. INSTRUCTION FOR COMPLETING THE PRICING SCHEDULE
A8: (a) Bidder must complete/enter YELLOW cells only
A9: (b) Unit and Line prices must be VAT EXCLUSIVE and in South African Rand (ZAR) currency.
A10: (c) The price must include all cost to deliver the goods or render the service, including all applicable taxes, duty fees, logistics/delivery, storage, labour, overtime and subsistance and travel
A11: (d) Bidders must complete and submit bid pricing in the provided Excel spreadsheet format, and any pricing schedule submitted in a different format will not be considered.
D12: YEAR 1 | G12: YEAR 2 | J12: TOTAL
A13: Item No | B13: Goods/Service description | C13: Unit of measure | D13: Qty | E13: Unit Price (Excl VAT) | F13: Line Price Year 1 | G13: Qty | H13: Unit Price (Excl VAT) | I13: Line Price Year 2 | J13: Line Price Term (Excl VAT) | K13: Price clarification comment
A14: 91 | B14: CHILLER UNITS: Monthly Inspection and Maintenance The Rate must include travel to the relevant site, labour, material, spares, consumables, equipment and tools, the specified service pack, and to perform the specified services | F14: =SUBTOTAL(9, F15:F17) -> 0 | I14: =SUBTOTAL(9, I15:I17) -> 0 | J14: =SUBTOTAL(9,J15:J17) -> 0
A15: 91.1 | B15: Chillers 1 | C15: Monthly | D15: 12 | F15: =ROUND(E15*D15,2) -> 0 | G15: 12 | I15: =ROUND(H15*G15,2) -> 0 | J15: =+SUM(F15,I15) -> 0
A16: 91.2 | B16: Chillers 2 | C16: Monthly | D16: 12 | F16: =ROUND(E16*D16,2) -> 0 | G16: 12 | I16: =ROUND(H16*G16,2) -> 0 | J16: =+SUM(F16,I16) -> 0
A17: 91.3 | B17: Chillers 3 | C17: Monthly | D17: 12 | F17: =ROUND(E17*D17,2) -> 0 | G17: 12 | I17: =ROUND(H17*G17,2) -> 0 | J17: =+SUM(F17,I17) -> 0
A18: 92 | B18: CRAC UNITS: Monthly Inspection and Maintenance The Rate must include travel to the relevant site, labour, material, spares, consumables, equipment and tools, the specified service pack, and to perform the specified services | F18: =SUBTOTAL(9,F19:F34) -> 0 | I18: =SUBTOTAL(9,I19:I34) -> 0 | J18: =SUBTOTAL(9,J19:J34) -> 0
A19: 92.1 | B19: DATA HALL CRAC AIRCONDITIONING UNIT 1 | C19: Monthly | D19: 12 | F19: =ROUND(E19*D19,2) -> 0 | G19: 12 | I19: =ROUND(H19*G19,2) -> 0 | J19: =+SUM(F19,I19) -> 0
A20: 92.2 | B20: DATA HALL CRAC AIRCONDITIONING UNIT 2 | C20: Monthly | D20: 12 | F20: =ROUND(E20*D20,2) -> 0 | G20: 12 | I20: =ROUND(H20*G20,2) -> 0 | J20: =+SUM(F20,I20) -> 0
A21: 92.3 | B21: DATA HALL CRAC AIRCONDITIONING UNIT 3 | C21: Monthly | D21: 12 | F21: =ROUND(E21*D21,2) -> 0 | G21: 12 | I21: =ROUND(H21*G21,2) -> 0 | J21: =+SUM(F21,I21) -> 0
A22: 92.4 | B22: DATA HALL CRAC AIRCONDITIONING UNIT 4 | C22: Monthly | D22: 12 | F22: =ROUND(E22*D22,2) -> 0 | G22: 12 | I22: =ROUND(H22*G22,2) -> 0 | J22: =+SUM(F22,I22) -> 0
A23: 92.5 | B23: DATA HALL CRAC AIRCONDITIONING UNIT 5 | C23: Monthly | D23: 12 | F23: =ROUND(E23*D23,2) -> 0 | G23: 12 | I23: =ROUND(H23*G23,2) -> 0 | J23: =+SUM(F23,I23) -> 0
A24: 92.6 | B24: DATA HALL CRAC AIRCONDITIONING UNIT 6 | C24: Monthly | D24: 12 | F24: =ROUND(E24*D24,2) -> 0 | G24: 12 | I24: =ROUND(H24*G24,2) -> 0 | J24: =+SUM(F24,I24) -> 0
A25: 92.7 | B25: DATA HALL CRAC AIRCONDITIONING UNIT 7 | C25: Monthly | D25: 12 | F25: =ROUND(E25*D25,2) -> 0 | G25: 12 | I25: =ROUND(H25*G25,2) -> 0 | J25: =+SUM(F25,I25) -> 0
A26: 92.8 | B26: DATA HALL CRAC AIRCONDITIONING UNIT 8 | C26: Monthly | D26: 12 | F26: =ROUND(E26*D26,2) -> 0 | G26: 12 | I26: =ROUND(H26*G26,2) -> 0 | J26: =+SUM(F26,I26) -> 0
A27: 92.9 | B27: DATA HALL CRAC AIRCONDITIONING UNIT 9 | C27: Monthly | D27: 12 | F27: =ROUND(E27*D27,2) -> 0 | G27: 12 | I27: =ROUND(H27*G27,2) -> 0 | J27: =+SUM(F27,I27) -> 0
A28: 92.10 | B28: DATA HALL CRAC AIRCONDITIONING UNIT 10 | C28: Monthly | D28: 12 | F28: =ROUND(E28*D28,2) -> 0 | G28: 12 | I28: =ROUND(H28*G28,2) -> 0 | J28: =+SUM(F28,I28) -> 0
A29: 92.11 | B29: DATA HALL CRAC AIRCONDITIONING UNIT 11 | C29: Monthly | D29: 12 | F29: =ROUND(E29*D29,2) -> 0 | G29: 12 | I29: =ROUND(H29*G29,2) -> 0 | J29: =+SUM(F29,I29) -> 0
A30: 92.12 | B30: DATA HALL CRAC AIRCONDITIONING UNIT 12 | C30: Monthly | D30: 12 | F30: =ROUND(E30*D30,2) -> 0 | G30: 12 | I30: =ROUND(H30*G30,2) -> 0 | J30: =+SUM(F30,I30) -> 0
... A34: 92.16 | B34: FRESH AIR PACKAGE UNIT | C34: Monthly | D34: 12 | F34: =ROUND(E34*D34,2) -> 0 | G34: 12 | I34: =ROUND(H34*G34,2) -> 0 | J34: =+SUM(F34,I34) -> 0
A35: 93 | B35: PUMPS: Monthly Inspection and Maintenance The Rate must include travel to the relevant site, labour, material, spares, consumables, equipment and tools, the specified service pack, and to perform the specified services | F35: =SUBTOTAL(9, F36:F42) -> 0 | I35: =SUBTOTAL(9, I36:I42) -> 0 | J35: =SUBTOTAL(9, J36:J42) -> 0
A36: 93.1 | B36: PRIMARY CHILLED WATER PUMP 1 | C36: Monthly | D36: 12 | F36: =ROUND(E36*D36,2) -> 0 | G36: 12 | I36: =ROUND(H36*G36,2) -> 0 | J36: =+SUM(F36,I36) -> 0
A37: 93.2 | B37: PRIMARY CHILLED WATER PUMP 2 | C37: Monthly | D37: 12 | F37: =ROUND(E37*D37,2) -> 0 | G37: 12 | I37: =ROUND(H37*G37,2) -> 0 | J37: =+SUM(F37,I37) -> 0
A38: 93.3 | B38: PRIMARY CHILLED WATER PUMP 3 | C38: Monthly | D38: 12 | F38: =ROUND(E38*D38,2) -> 0 | G38: 12 | I38: =ROUND(H38*G38,2) -> 0 | J38: =+SUM(F38,I38) -> 0
A39: 93.4 | B39: SECONDARY CHILLED WATER PUMP 1 (Small) | C39: Monthly | D39: 12 | F39: =ROUND(E39*D39,2) -> 0 | G39: 12 | I39: =ROUND(H39*G39,2) -> 0 | J39: =+SUM(F39,I39) -> 0
A40: 93.5 | B40: SECONDARY CHILLED WATER PUMP 2 (Small) | C40: Monthly | D40: 12 | F40: =ROUND(E40*D40,2) -> 0 | G40: 12 | I40: =ROUND(H40*G40,2) -> 0 | J40: =+SUM(F40,I40) -> 0
A41: 93.6 | B41: SECONDARY CHILLED WATER PUMPS 1 (LARGE) | C41: Monthly | D41: 12 | F41: =ROUND(E41*D41,2) -> 0 | G41: 12 | I41: =ROUND(H41*G41,2) -> 0 | J41: =+SUM(F41,I41) -> 0
A42: 93.7 | B42: SECONDARY CHILLED WATER PUMPS 2 (LARGE) | C42: Monthly | D42: 12 | F42: =ROUND(E42*D42,2) -> 0 | G42: 12 | I42: =ROUND(H42*G42,2) -> 0 | J42: =+SUM(F42,I42) -> 0
A43: 94 | B43: Other Equupments and System: Periodic Inspection and Maintenance The Rate must include travel to the relevant site, labour, material, spares, consumables, equipment and tools, the specified service pack, and to perform the specified services | F43: {=SUBTOTAL(9, F44:I59F48)} -> #NAME? | I43: =SUBTOTAL(9, I44:I48) -> 0 | J43: =SUBTOTAL(9, J44:J48) -> 0
A44: 94.1 | B44: VENTILATION FANS | C44: Monthly | D44: 12 | F44: =ROUND(E44*D44,2) -> 0 | G44: 12 | I44: =ROUND(H44*G44,2) -> 0 | J44: =+SUM(F44,I44) -> 0
A45: 94.2 | B45: FIRE DAMPERS | C45: Monthly | D45: 12 | F45: =ROUND(E45*D45,2) -> 0 | G45: 12 | I45: =ROUND(H45*G45,2) -> 0 | J45: =+SUM(F45,I45) -> 0
A46: 94.3 | B46: BMS SYSTEM | C46: Monthly | D46: 12 | F46: =ROUND(E46*D46,2) -> 0 | G46: 12 | I46: =ROUND(H46*G46,2) -> 0 | J46: =+SUM(F46,I46) -> 0
A47: 94.4 | B47: ELECTRICAL DISTRIBUTION BOARDS AND CONNECTIONS | C47: Monthly | D47: 12 | F47: =ROUND(E47*D47,2) -> 0 | G47: 12 | I47: =ROUND(H47*G47,2) -> 0 | J47: =+SUM(F47,I47) -> 0
A48: 94.5 | B48: INFRARED SCAN IN ALL THE DB'S AND ELECTRICAL CONNECTIONS | C48: Total Per Year | D48: 1 | F48: =ROUND(E48*D48,2) -> 0 | G48: 1 | I48: =ROUND(H48*G48,2) -> 0 | J48: =+SUM(F48,I48) -> 0
A49: 95 | B49: WATER TREATMENT: Monthly Inspection and Maintenance The Rate must include travel to the relevant site, labour, material, spares, consumables, equipment and tools, the specified service pack, and to perform the specified services | F49: =SUBTOTAL(9, F50) -> 0 | I49: =SUBTOTAL(9, I50) -> 0 | J49: =SUBTOTAL(9, J50) -> 0
A50: 95.1 | B50: Water Treatment Requirements | C50: Monthly | D50: 12 | F50: =ROUND(E50*D50,2) -> 0 | G50: 12 | I50: =G50*H50 -> 0 | J50: =+SUM(F50,I50) -> 0
A51: 96 | B51: CHILLER UNITS: Major Service and Preventative Maintenance The Rate must include travel to the relevant site, labour, material, spares, consumables, equipment and tools, the specified service pack, and to perform the specified services | F51: =SUBTOTAL(9, F52:F54) -> 0 | I51: =SUBTOTAL(9, I52:I54) -> 0 | J51: =SUBTOTAL(9, J52:J54) -> 0
A52: 96.1 | B52: Chillers 1 | C52: Total per Year | D52: 2 | F52: =ROUND(E52*D52,2) -> 0 | G52: 2 | I52: =ROUND(H52*G52,2) -> 0 | J52: =+SUM(F52,I52) -> 0
A53: 96.2 | B53: Chillers 2 | C53: Total per Year | D53: 2 | F53: =ROUND(E53*D53,2) -> 0 | G53: 2 | I53: =ROUND(H53*G53,2) -> 0 | J53: =+SUM(F53,I53) -> 0
A54: 96.3 | B54: Chillers 3 | C54: Total per Year | D54: 2 | F54: =ROUND(E54*D54,2) -> 0 | G54: 2 | I54: =ROUND(H54*G54,2) -> 0 | J54: =+SUM(F54,I54) -> 0
A55: 97 | B55: CHILLER UNITS: Minor Service and Preventative Maintenance The Rate must include travel to the relevant site, labour, material, spares, consumables, equipment and tools, the specified service pack, and to perform the specified services | F55: =SUBTOTAL(9, F56:F58) -> 0 | I55: =SUBTOTAL(9, I56:I58) -> 0 | J55: =SUBTOTAL(9, J56:J58) -> 0
A56: 97.1 | B56: Chillers 1 | C56: Total per Year | D56: 2 | F56: =ROUND(E56*D56,2) -> 0 | G56: 2 | I56: =ROUND(H56*G56,2) -> 0 | J56: =+SUM(F56,I56) -> 0
A57: 97.2 | B57: Chillers 2 | C57: Total per Year | D57: 2 | F57: =ROUND(E57*D57,2) -> 0 | G57: 2 | I57: =ROUND(H57*G57,2) -> 0 | J57: =+SUM(F57,I57) -> 0
A58: 97.3 | B58: Chillers 3 | C58: Total per Year | D58: 2 | F58: =ROUND(E58*D58,2) -> 0 | G58: 2 | I58: =ROUND(H58*G58,2) -> 0 | J58: =+SUM(F58,I58) -> 0
A59: 98 | B59: UNIT RATES: CORRECTIVE MAINTENANCE Note that the quantities indicated below are only for evaluation purposes and to determine the contract unit rates. The final quantities will be based on works orders and call outs, as specified in the contractual terms | F59: =SUBTOTAL(9, F60:F67) -> 0 | I59: =SUBTOTAL(9, I60:I67) -> 0 | J59: =SUBTOTAL(9, J60:J67) -> 0
A60: 98.1 | B60: Labour – Certified Technician during normal hours (08:00 to 17:00). This rate will be applicable from time of arrival to site, up to time of leaving the site. The Rate must include travel to the relevant site and travel time. | C60: Unit rate per hour | D60: 480 | F60: =ROUND(E60*D60,2) -> 0 | G60: 480 | I60: =ROUND(H60*G60,2) -> 0 | J60: =+SUM(F60,I60) -> 0
A61: 98.2 | B61: Labour – Assistant during normal hours (08:00 to 17:00). This rate will be applicable from time of arrival to site, up to time of leaving the site. The Rate must include travel to the relevant site and travel time. | C61: Unit rate per hour | D61: 480 | F61: =ROUND(E61*D61,2) -> 0 | G61: 480 | I61: =ROUND(H61*G61,2) -> 0 | J61: =+SUM(F61,I61) -> 0
A62: 98.3 | B62: Labour – Certified Technician during afterhours (Weekdays 17:00 to 08:00 and Saturdays 00:00 to 23:59). This rate will be applicable from time of arrival to site, up to time of leaving the site. The Rate must include travel to the relevant site and travel time. | C62: Unit rate per hour | D62: 360 | F62: =ROUND(E62*D62,2) -> 0 | G62: 360 | I62: =ROUND(H62*G62,2) -> 0 | J62: =+SUM(F62,I62) -> 0
A63: 98.4 | B63: Labour – Assistant during afterhours (Weekdays 17:00 to 08:00 and Saturdays 00:00 to 23:59). This rate will be applicable from time of arrival to site, up to time of leaving the site. The Rate must include travel to the relevant site and travel time. | C63: Unit rate per hour | D63: 360 | F63: =ROUND(E63*D63,2) -> 0 | G63: 360 | I63: =ROUND(H63*G63,2) -> 0 | J63: =+SUM(F63,I63) -> 0
A64: 98.5 | B64: Labour – Certified Technician during afterhours (Sundays 00:00 to 23:59). This rate will be applicable from time of arrival to site, up to time of leaving the site. The Rate must include travel to the relevant site and travel time. | C64: Unit rate per hour | D64: 240 | F64: =ROUND(E64*D64,2) -> 0 | G64: 240 | I64: =ROUND(H64*G64,2) -> 0 | J64: =+SUM(F64,I64) -> 0
A65: 98.6 | B65: Labour – Assistant during afterhours (Sundays 00:00 to 23:59). This rate will be applicable from time of arrival to site, up to time of leaving the site. The Rate must include travel to the relevant site and travel time. | C65: Unit rate per hour | D65: 240 | F65: =ROUND(E65*D65,2) -> 0 | G65: 240 | I65: =ROUND(H65*G65,2) -> 0 | J65: =+SUM(F65,I65) -> 0
A66: 98.7 | B66: Call out fee . This rate will be applicable from time of leaving the contractor’s office, up to time of arrival on the site, and time of leaving the site up to arrival back at the contractor’s office. The Rate must include travel to the relevant site and travel time. | C66: instance | D66: 72 | F66: =ROUND(E66*D66,2) -> 0 | G66: 72 | I66: =ROUND(H66*G66,2) -> 0 | J66: =+SUM(F66,I66) -> 0
A67: 98.8 | B67: Corrective Maintenance Allowance for Life Cycle Management Parts Replacement and other Material | C67: Instance | D67: 1 | E67: =+ROUND(SUBTOTAL(9,F60:F66)*30%,2) -> 0 | F67: =ROUND(D67*E67,2) -> 0 | G67: 1 | H67: =+ROUND(SUBTOTAL(9,I60:I66)*30%,2) -> 0 | I67: =ROUND(G67*H67,2) -> 0 | J67: =+SUM(F67,I67) -> 0
A68: MAINTENANCE SUPPORT TOTAL BID PRICE (EXCL VAT) | J68: =SUBTOTAL(9,J14:J67) -> 0
B72: I, the bidder, confirm that the price(s) and rate(s) quoted cover all the goods and/or works specified in the bidding documents; that the price(s) or rate(s) cover all my obligations and I accept that any mistakes regarding price(s), rate(s) or calculations will be at my own risk. [Note: First convert to PDF, then add signature]
C73: Name
C75: Signature (above)

Sheet 9. TOTALS
B1: SUPPLY CHAIN MANAGEMENT
B2: Pricing schedule
A3: RFx No | B3: RFB 3201/2025
A4: RFx Title | B4: REQUEST FOR BID FOR THE APPOINTMENT OF A SERVICE PROVIDER TO PROVIDE HVAC INFRASTRUCTURE UPGRADES AT SITA BETA DATA CENTRE FOR A PERIOD OF 42 MONTHS. | C4: SHEET 9. TOTALS
A5: Bidder Name
A7: 1. INSTRUCTION FOR COMPLETING THE PRICING SCHEDULE
A8: (a) Bidder must complete/enter YELLOW cells only
A9: (b) Unit and Line prices must be VAT EXCLUSIVE and in South African Rand (ZAR) currency.
A10: (c) The price must include all cost to deliver the goods or render the service, including all applicable taxes, duty fees, logistics/delivery, storage, labour, overtime and subsistance and travel
A11: (d) Bidders must complete and submit bid pricing in the provided Excel spreadsheet format, and any pricing schedule submitted in a different format will not be considered.
A12: Item No | B12: Goods/Service description | C12: Line Price Term (Excl VAT) | D12: Price clarification comment
A13: 1 | B13: HVAC EQUIPMENT SUBTOTAL PRICE (EXCL VAT) | C13: =+'1. HVAC EQUIPMENT '!F291 -> 0
A14: 2 | B14: CIVIL AND EARTHWORKS SUBTOTAL PRICE (EXCL VAT) | C14: =+'2. CIVIL AND EARTHWORKS'!F83 -> 0
A15: 3 | B15: DEMOLITION WORKS & COOLING TOWER WORK TOTAL BID PRICE (EXCL VAT) | C15: =+'3. DEMOLITION WORKS & COOLING '!F34 -> 0
A16: 4 | B16: FIRE PROTECTION SYSTEM HVAC RELATED WORK TOTAL BID PRICE (EXCL VAT) | C16: =+'4. FIRE PROTECTION SYSTEM HVAC'!F90 -> 0
A17: 5 | B17: ELECTRICAL TOTAL BID PRICE (EXCL VAT) | C17: =+'5. ELECTRICAL'!F194 -> 0
A18: 6 | B18: BMS SYSTEM TOTAL BID PRICE (EXCL VAT) | C18: =+'6. BMS'!F111 -> 0
A19: 7 | B19: DAYWORK TOTAL BID PRICE (EXCL VAT) | C19: =+'7. DAYWORK RATES'!F22 -> 0
A20: 8 | B20: MAINTENANCE SUPPORT | C20: =+'8. MAINTENANCE SUPPORT'!J68 -> 0
A21: TOTAL BID PRICE (EXCL VAT) | C21: =+SUBTOTAL(9,C13:C20) -> 0
A22: VAT (@15%) | C22: =+ROUND(C21*15%,2) -> 0
A23: TOTAL BID PRICE (INCL VAT) | C23: =+C21+C22 -> 0
B26: I, the bidder, confirm that the price(s) and rate(s) quoted cover all the goods and/or works specified in the bidding documents; that the price(s) or rate(s) cover all my obligations and I accept that any mistakes regarding price(s), rate(s) or calculations will be at my own risk. [Note: First convert to PDF, then add signature]
C27: Name
C29: Signature (above)
